 Dungeon Crawl Stone Soup version 0.21-a0-150-gc243083 (webtiles) character file.

2550480 MackTheKnife the Phalangite (level 27, 221/221 HPs)
             Began as a Merfolk Summoner on July 25, 2017.
             Was the Champion of Cheibriados.
             Escaped with the Orb
             ... and 5 runes on July 28, 2017!
             The game lasted 05:22:38 (98447 turns).

MackTheKnife the Phalangite (Merfolk Summoner)     Turns: 98447, Time: 05:22:39

Health: 221/221    AC: 36    Str: 30      XL:     27
Magic:  15/59      EV: 36    Int: 43 (45) God:    Cheibriados [******]
Gold:   2040       SH:  0    Dex: 32      Spells: 2/63 levels left

rFire    + + .     SeeInvis .   a - +4 bardiche of the Jolly Ghosts {drain, rF+ rN+ MR+ Int+4 Dex-4}
rCold    + + +     Gourm    .   (shield currently unavailable)
rNeg     + . .     Faith    +   F - +10 storm dragon scales of Valiance {rElec rC++}
rPois    +         Spirit   .   Q - +1 hat of Mirth {rPois MP+9 Str+4}
rElec    +         Reflect  .   C - +0 cloak "Jibathij" {rF+ MR- Regen+}
rCorr    .         Harm     .   E - +2 pair of gloves {Dex+3}
MR       ++++.                  N - +2 pair of boots "Daone" {Int+3}
Stlth    +.........             e - amulet "Raalod" {Faith rC+ MR+}
HPRegen  0.86/turn              U - ring of Okawaru's Castigation {MR+ EV+5 Int+2}
MPRegen  0.36/turn              c - ring of wizardry {Wiz+, !d}

@: dragon's call, very slow
A: change form in water, swift swim, stealthy swim, cold resistance 1, high mp
1, screaming 1
0: Orb of Zot
}: 5/15 runes: serpentine, barnacled, slimy, silver, abyssal
a: Bend Time, Temporal Distortion, Slouch, Step From Time, Renounce Religion


You escaped.
You worshipped Cheibriados.
Cheibriados was exalted by your worship.
You were full.

You visited 12 branches of the dungeon, and saw 58 of its levels.
You visited Pandemonium 1 time, and saw 2 of its levels.
You visited the Abyss 5 times.
You visited 1 bazaar.
You visited 1 ziggurat, and saw 14 of its levels.
You also visited: Ossuary and Ice Cave.

You collected 7732 gold pieces.
You spent 5692 gold pieces at shops.

Inventory:

Hand Weapons
 a - the +4 bardiche of the Jolly Ghosts (weapon) {drain, rF+ rN+ MR+ Int+4 Dex-4}
   (Okawaru gifted it to you on level 1 of the Orcish Mines)

   A truly terrible weapon, it drains the life of those it strikes.
   It affects your intelligence (+4).
   It affects your dexterity (-4).
   It protects you from fire.
   It protects you from negative energy.
   It affects your resistance to hostile enchantments.
Armour
 C - the +0 cloak "Jibathij" (worn) {rF+ MR- Regen+}
   (Okawaru gifted it to you on level 2 of the Orcish Mines)

   It protects you from fire.
   It affects your resistance to hostile enchantments.
   It increases your rate of regeneration.
 E - a +2 pair of gloves of dexterity (worn)
   (You found it on level 5 of the Pits of Slime)
 F - the +10 storm dragon scales of Valiance (worn) {rElec rC++}
   (Okawaru gifted it to you on level 1 of the Pits of Slime)

   It greatly protects you from cold.
   It insulates you from electricity.
 N - the +2 pair of boots "Daone" (worn) {Int+3}
   (You found it on level 5 of the Vaults)

   It affects your intelligence (+3).
 Q - the +1 hat of Mirth (worn) {rPois MP+9 Str+4}
   (Okawaru gifted it to you on level 2 of the Lair of Beasts)

   It affects your strength (+4).
   It protects you from poison.
   It affects your magic capacity (+9).
Magical Staves
 b - an uncursed staff of wizardry {wiz+, !a}
   (You found it on level 3 of the Vaults)
Jewellery
 c - a ring of wizardry (right hand) {Wiz+, !d}
   (You found it on level 2 of the Dungeon)
 e - the amulet "Raalod" (around neck) {Faith rC+ MR+}
   (You found it on level 3 of the Crypt)

   [amulet of faith]

   It allows you to gain divine favour quickly.
   It protects you from cold.
   It affects your resistance to hostile enchantments.
 h - an uncursed ring of see invisible {sInv, !d}
   (You took it off a deep elf elementalist on level 3 of the Elven Halls)
 y - an uncursed ring of flight {+Fly, !d}
   (You found it on level 8 of a ziggurat)
 U - the ring of Okawaru's Castigation (left hand) {MR+ EV+5 Int+2}
   (You took it off a deep elf mage on level 3 of the Elven Halls)

   [ring of evasion]

   It affects your evasion (+5).
   It affects your intelligence (+2).
   It affects your resistance to hostile enchantments.
Wands
 D - a wand of clouds (1/9)
   (You found it on level 3 of the Snake Pit)
 T - a wand of digging (8/24)
   (You found it on level 3 of the Lair of Beasts)
Scrolls
 i - 27 scrolls of remove curse
 j - 9 scrolls of identify
 k - 3 scrolls of amnesia
 p - 3 scrolls of teleportation
 s - 6 scrolls of immolation {!r}
 z - 4 scrolls of holy word {!r}
 S - 13 scrolls of recharging
 V - 8 scrolls of fear
 W - 2 scrolls of magic mapping {!r}
 Y - 5 scrolls of fog
 Z - a scroll of summoning
Potions
 d - 7 potions of mutation {!q}
 f - 3 potions of invisibility
 g - 5 potions of magic
 l - 6 potions of cancellation
 m - 7 potions of flight
 t - 9 potions of curing
 u - a potion of heal wounds
 v - 2 potions of might
 w - 4 potions of brilliance
 A - 3 potions of agility
 K - 7 potions of resistance
Miscellaneous
 o - a lightning rod (4/4)
   (You found it on level 6 of the Lair of Beasts)
 L - a lamp of fire
   (You found it on level 15 of the Dungeon)
 O - a phial of floods
   (You found it on level 9 of the Dungeon)
 R - a fan of gales
   (You found it on level 3 of the Lair of Beasts)
Comestibles
 n - 9 fruits
 q - 10 meat rations {@e2}
 B - 2 bread rations {@e1}


   Skills:
 - Level 19.0 Fighting
 - Level 24.1 Polearms
 - Level 15.1 Armour
 - Level 20.0 Dodging
 - Level 8.2 Stealth
 - Level 18.8 Spellcasting
 - Level 4.2 Hexes
 - Level 5.0 Charms
 - Level 22.8 Summonings
 - Level 5.0 Necromancy
 - Level 12.1 Translocations
   Level 5.9 Ice Magic
   Level 4.0 Air Magic
 + Level 10.4 Invocations
 - Level 8.0 Evocations


You had 2 spell levels left.
You knew the following spells:

 Your Spells              Type           Power        Failure   Level  Hunger
a - Shadow Creatures      Summ           N/A          1%          6    None
b - Malign Gateway        Summ/Tloc      ########..   1%          7    None
c - Summon Horrible Thin  Summ           ########..   1%          8    ##.....
d - Dragon's Call         Summ           ########..   6%          9    ####...
e - Blink                 Tloc           N/A          0%          2    None
f - Spectral Weapon       Hex/Chrm       ######..     1%          3    None
g - Haunt                 Necr/Summ      ########..   1%          7    None
h - Passage of Golubria   Tloc           N/A          1%          4    None
i - Control Undead        Necr           ######....   1%          4    None
r - Regeneration          Chrm/Necr      ######....   1%          3    None
B - Controlled Blink      Tloc           N/A          32%         8    ##.....


Dungeon Overview and Level Annotations

Branches:
Dungeon (15/15)            Temple (1/1) D:6            Lair (6/6) D:9
 Shoals (4/4) Lair:3        Snake (4/4) Lair:4        Slime (5/5) Lair:6
    Orc (2/2) D:12            Elf (3/3) Orc:2        Vaults (5/5) D:13
  Crypt (3/3) Vaults:3       Tomb (0/3) Crypt:3      Depths (5/5) D:15
    Zot (5/5) Depths:5

Altars:
Ashenzari
Cheibriados
Dithmenos
Elyvilon
Fedhas
Gozag
Hepliaklqana
Kikubaaqudgha
Makhleb
Nemelex Xobeh
Okawaru
Qazlal
Ru
Sif Muna
Trog
Uskayaw
Vehumet
Wu Jian
Xom
Yredelemnul
Zin
The Shining One
Beogh

Shops:
D:14 :   D:15 [   Orc:2 %*(:   Elf:1 *   Shoals:2 *   Snake:1 !*?   Vaults:1 *
Vaults:5 :   Depths:1 [[:[

Portals:
Hell: Depths:1 Depths:2 Depths:3 Depths:4 Depths:5
Abyss: Depths:3 Depths:4
Pandemonium: Depths:2 Depths:3 Depths:4

Annotations:
D:15 Roxanne
Lair:3 Sonja
Crypt:1 exclusion: 2 curse skulls
Crypt:2 exclusion: curse skull
Crypt:3 exclusion: 2 upstairs


Innate Abilities, Weirdness & Mutations

You revert to your normal form in water.
You are very nimble and swift while swimming.
You are very stealthy in the water. (Stealth+)
Your flesh is cold resistant. (rC+)
You have an increased reservoir of magic. (+10% MP)
You occasionally shout uncontrollably at your foes.


Message History

The sixfirhy hits your fire dragon. The sixfirhy shocks your fire dragon!
The sixfirhy hits your fire dragon. The sixfirhy shocks your fire dragon!
The sixfirhy hits your fire dragon but does no damage.
The sixfirhy misses your quicksilver dragon.
The sixfirhy completely misses your quicksilver dragon.
(D) Dungeon (T) Temple (L) Lair (A) Shoals (P) Snake Pit (M) Slime Pits (O) Orcish Mines (E) Elven Halls (V) Vaults (C) Crypt (W) Tomb (U) Depths (H) Hell (Z) Zot
Where to? (Enter - D:1 @ (x,y), ? - help)
A sixfirhy is nearby!
A dragon arrives to answer your call!
Your fire dragon disappears in a puff of smoke!
The sixfirhy barely misses your quicksilver dragon.
Your quicksilver dragon bites the sixfirhy.
Your quicksilver dragon completely misses the sixfirhy.
Your quicksilver dragon misses the sixfirhy. x2
Your golden dragon bites the sixfirhy!!
Your golden dragon claws the sixfirhy.
The sixfirhy dies!
Cheibriados thoroughly appreciates the change of pace.
A chaos spawn comes into view.
You now have 43/59 mp.
A dragon arrives to answer your call!
Your storm dragon bites the chaos spawn!
Your storm dragon claws the chaos spawn.
Your storm dragon tramples the chaos spawn!
The chaos spawn holds its ground!
Your storm dragon bites the chaos spawn!
The chaos spawn dies!
Cheibriados appreciates the change of pace.
The chaos spawn degenerates into a cloud of primal chaos!
You now have 42/59 mp.
You feel a little less clever now.
No target in view!
(D) Dungeon (T) Temple (L) Lair (A) Shoals (P) Snake Pit (M) Slime Pits (O) Orcish Mines (E) Elven Halls (V) Vaults (C) Crypt (W) Tomb (U) Depths (H) Hell (Z) Zot
Where to? (Enter - D:1 @ (x,y), ? - help)
Your quicksilver dragon disappears in a puff of smoke!
Your quicksilver dragon disappears in a puff of smoke! x2
You hear an angry hiss.
The roar of the dragon horde subsides.
Your storm dragon disappears in a puff of smoke!
A frilled lizard comes into view.
The frilled lizard hisses angrily.
Your golden dragon disappears in a puff of smoke!
You regained 7 mp, and now have 50/59 mp.
You feel a little less agile now.
The frilled lizard completely misses you.
You slice the frilled lizard!!
You kill the frilled lizard!
Cheibriados appreciates the change of pace.
No target in view!
(D) Dungeon (T) Temple (L) Lair (A) Shoals (P) Snake Pit (M) Slime Pits (O) Orcish Mines (E) Elven Halls (V) Vaults (C) Crypt (W) Tomb (U) Depths (H) Hell (Z) Zot
Where to? (Enter - D:1 @ (x,y), ? - help)
You can once more reach out to the dragon horde.
You see here a club.
A smoke demon comes into view.
MP restored: 59 The smoke demon gestures at you.
The ball of steam misses you. The smoke demon gestures at you.
The ball of steam hits you! The smoke demon gestures at you.
The ball of steam misses you.
You open the door. The smoke demon gestures at you. Something smites you!
You take 12 damage, and have 209/221 hp.
There is an open door here.
You regained 2 hp, and now have 211/221 hp.
You call out to the draconic realm, and the dragon horde roars back!
The smoke demon gestures at you. The sticky flame misses you.
You now have 50/59 mp.
A dragon arrives to answer your call! x2
Your quicksilver dragon bites the smoke demon.
Your quicksilver dragon claws the smoke demon!
Your golden dragon bites the smoke demon!!
The smoke demon dies!
Cheibriados appreciates the change of pace.
You regained 2 hp, and now have 214/221 hp.
You now have 47/59 mp.
You regained 2 hp, and now have 217/221 hp.
There is a staircase leading out of the dungeon here.
You regained 2 hp, and now have 219/221 hp.
You now have 41/59 mp.
The dungeon shakes, a horrible noise fills the air, and a portal to some otherworldly place is opened!
You now have 35/59 mp.
Wisps of shadow whirl around you...
Health restored: 221 You now have 29/59 mp.
You now have 22/59 mp.
Nothing appears to happen.
You now have 14/59 mp.
You have escaped!

###########
#..sD@DX..#
#..XXXXX..#
#..*XXXX..#
#...\.....#
##'##w##+##
#.........#
#####.#####
#.# #.#


You could see 2 friendly tentacled monstrosities, a friendly eldritch tentacle,
a friendly golden dragon, a friendly quicksilver dragon, 8 friendly large
abominations and a friendly giant cockroach.

Vanquished Creatures
  2 ancient liches (Crypt:3)
  An orb of fire (Zot:5)
  A juggernaut (Depths:5)
  A shard shrike (Zot:4)
  Nikola (Vaults:3)
  4 golden dragons
  4 bone dragons
  5 tentacled monstrosities
  Asterion (Snake:3)
  7 Orb Guardians (Zot:5)
  5 titans
  4 liches
  4 deep elf master archers
  4 quicksilver dragons
  6 sphinxes
  An Executioner (Pan)
  12 acid blobs
  5 tentacled starspawn
  An ancient champion (Crypt:1)
  A death cob (Zot:2)
  8 storm dragons
  6 shadow dragons
  8 tengu reavers
  A draconian monk (Depths:5)
  6 nagarajas (Snake:4)
  6 azure jellies
  Donald (Elf:3)
  10 fire giants
  2 iron dragons
  Ilsuiw (Shoals:4)
  19 frost giants
  4 deep elf sorcerers (Elf:3)
  A cacodemon (Abyss:1)
  3 draconian scorchers
  4 deep elf elementalists (Elf:3)
  An orc warlord (Vaults:5)
  2 ghost moths
  2 balrugs
  A ghoul (Vaults:1)
  7 vault wardens
  A draconian stormcaller (Zot:5)
  2 reapers
  A draconian annihilator (Zot:5)
  8 very ugly things
  A war gargoyle (Vaults:5)
  15 ironheart preservers
  Nessos (Orc:2)
  3 entropy weavers (Vaults:4)
  14 stone giants
  4 vampire knights
  5 deep elf demonologists (Elf:3)
  5 green draconians
  3 yellow draconians
  4 red draconians
  2 lorocyprocas
  2 purple draconians
  2 white draconians
  A black draconian (Zot:5)
  10 deep elf death magi
  7 spark wasps
  12 ettins
  14 deep elf annihilators
  An eidolon (Abyss:3)
  10 fire dragons
  2 merfolk javelineers (Shoals:4)
  2 green deaths (Pan)
  A quicksilver dragon zombie (Crypt:3)
  A blizzard demon (Pan)
  15 great orbs of eyes
  20 yaktaur captains
  3 crystal guardians
  A jiangshi (Crypt:1)
  2 death oozes (Slime:5)
  5 deep elf high priests
  8 merfolk impalers
  22 vault guards
  7 rakshasas
  12 ice dragons
  7 naga warriors
  6 centaur warriors
  5 hydras
  Erica (D:8)
  2 alligator snapping turtles
  21 ogre magi
  2 merfolk aquamancers (Shoals:4)
  An alligator (Zig:10)
  7 anacondas
  A satyr (Shoals:4)
  58 two-headed ogres
  14 dancing weapons
  8 deep troll earth magi
  6 tengu warriors
  A queen ant (shapeshifter) (Depths:3)
  4 death knights
  3 vampire magi (Crypt:1)
  5 naga sharpshooters
  2 orc high priests
  5 thrashing horrors
  9 deep troll shamans
  A spriggan berserker (Depths:3)
  5 shock serpents
  15 hell knights
  7 soul eaters
  4 sun demons
  A titan skeleton (Vaults:5)
  4 wretched stars
  7 iron trolls
  17 deep elf knights
  A sixfirhy (Abyss:1)
  A spatial maelstrom (Abyss:3)
  4 shadow wraiths
  7 wizards
  A salamander mystic (Depths:5)
  8 sea snakes
  7 glowing orange brains
  A death drake (Zig:12)
  27 deep trolls
  A deep troll (shapeshifter) (Depths:4)
  3 shadow demons
  18 skeletal warriors
  6 unseen horrors
  5 flayed ghosts
  A spark wasp zombie (Depths:2)
  A shambling mangrove (Zig:12)
  12 deep elf archers
  A torturous demonspawn (Depths:2)
  An infernal demonspawn (Pan)
  8 starcursed masses
  A golden dragon skeleton (Crypt:1)
  7 naga ritualists
  7 phantasmal warriors
  6 necromancers
  9 ironbrand convokers
  16 orc knights
  An orb spider (shapeshifter) (Vaults:1)
  A wolf spider (shapeshifter) (Vaults:5)
  20 harpies
  6 fauns
  5 orc sorcerers
  A frost giant zombie (Depths:1)
  8 manticores
  52 ugly things
  A sphinx skeleton (Vaults:5)
  7 mana vipers
  3 worldbinders
  12 moths of wrath
  A moth of wrath (shapeshifter) (Depths:3)
  7 wolf spiders
  78 deep elf magi
  55 slime creatures
  A cyclops (shapeshifter) (Abyss:2)
  An elephant (shapeshifter) (Vaults:5)
  3 cyclopes
  4 salamanders
  15 vault sentinels
  A titan simulacrum (Crypt:3)
  A rust devil (Abyss:3)
  A black mamba (shapeshifter) (Vaults:4)
  10 merfolk sirens
  17 naga magi
  An apocalypse crab (Abyss:3)
  5 guardian serpents
  A molten gargoyle (Depths:1)
  2 water nymphs
  22 black mambas
  A spriggan zombie (Zig:14)
  3 elf skeletons
  11 smoke demons
  3 gargoyles
  2 orange demons
  9 spiny frogs
  2 rime drakes
  A dire elephant skeleton (Crypt:3)
  3 komodo dragons
  A spiny frog (shapeshifter) (Depths:3)
  A komodo dragon (shapeshifter) (Vaults:2)
  An eye of devastation (Slime:4)
  13 freezing wraiths
  2 centaur skeletons
  2 efreet
  A demonic crawler (Zig:13)
  2 kobold demonologists
  57 yaktaurs
  A ghost moth simulacrum (Crypt:3)
  10 hellwings
  4 ancient zymes
  A yaktaur skeleton (Vaults:5)
  2 ice devils
  23 merfolk
  4 red devils
  A jumping spider (Vaults:4)
  A meliai (shapeshifter) (Depths:2)
  2 meliai (D:15)
  2 trolls
  A queen bee (D:13)
  2 tengu conjurers
  A harpy skeleton (Crypt:1)
  2 tyrant leeches (Lair:6)
  10 hornets
  4 wind drakes
  6 raiju
  A tengu simulacrum (Vaults:2)
  3 hippogriffs
  An ettin zombie (Depths:1)
  11 snapping turtles
  3 dream sheep (Shoals:4)
  8 blink frogs
  17 large abominations
  2 human simulacra
  An alligator zombie (Crypt:3)
  3 flying skulls
  2 frost giant simulacra
  4 air elementals
  A tarantella (shapeshifter) (D:15)
  2 spriggan skeletons (Depths:1)
  4 shadows
  11 wraiths
  2 tarantellas
  A wyvern (Lair:6)
  11 water elementals
  3 redbacks (Vaults:4)
  A fire bat (shapeshifter) (Depths:1)
  5 ynoxinuls
  17 yaks
  A human (shapeshifter) (Vaults:3)
  3 ettin skeletons
  A basilisk (Lair:4)
  11 golden eyes
  2 vampire mosquitoes
  2 fire elementals (Elf:2)
  4 chaos spawn
  3 neqoxecs
  2 hungry ghosts
  2 spatial vortices
  4 insubstantial wisps (Abyss:2)
  7 wargs
  63 nagas
  2 acid dragons (D:13)
  A hydra simulacrum (Zot:4)
  5 hell hounds (Depths:1)
  A soldier ant (shapeshifter) (Vaults:5)
  A soldier ant (D:15)
  19 small abominations
  13 water moccasins
  A floating eye (Depths:3)
  An orb spider zombie (Crypt:1)
  7 porcupines
  A water nymph skeleton (Crypt:1)
  2 swamp drakes (Zig:12)
  A hornet zombie (D:15)
  A sky beast (shapeshifter) (Elf:3)
  4 eyes of draining
  44 orc warriors
  6 ice beasts
  A monstrous demonspawn skeleton (Crypt:3)
  3 sky beasts
  3 phantoms
  2 black bears (D:9)
  9 boggarts
  37 ogres
  26 centaurs
  4 wolves
  A centaur (shapeshifter) (Vaults:2)
  10 crocodiles
  20 bullfrogs
  4 big kobolds
  An earth elemental (Abyss:1)
  A scorpion (shapeshifter) (Depths:4)
  A scorpion (D:7)
  19 killer bees
  21 wights
  A howler monkey (D:7)
  4 centaur zombies
  13 crimson imps
  7 jellies
  6 quasits
  A bullfrog zombie (D:13)
  30 orc priests
  A demonspawn zombie (Crypt:1)
  A gnoll shaman (Zig:2)
  A hound (D:8)
  19 orc wizards
  2 iron imps
  5 iguanas
  9 worker ants
  2 big kobold zombies (Ossuary)
  A felid zombie (Crypt:1)
  A naga skeleton (Crypt:1)
  A tengu skeleton (Abyss:1)
  A big kobold skeleton (Crypt:3)
  3 mummies (Ossuary)
  4 adders
  5 gnolls
  A howler monkey skeleton (D:6)
  5 shadow imps
  5 white imps
  3 ufetubi
  An adder zombie (D:8)
  A worm (D:3)
  6 leopard geckos
  71 orcs
  4 giant cockroaches
  4 goblins
  4 hobgoblins
  4 jackals
  3 quokkas
  A ball python (Lair:4)
  3 bats
  4 frilled lizards
  A gnoll zombie (Ossuary)
  A hobgoblin zombie (Ossuary)
  21 kobolds
  9 rats
  2 crawling corpses (Elf:3)
  A fire vortex (Zig:6)
  2 plants
  A spectral weapon (Vaults:2)
  3 starspawn tentacles (Abyss:1)
  2 tentacles (Shoals:1)
2089 creatures vanquished.

Vanquished Creatures (collateral kills)
  the Royal Jelly (Slime:5)
  4 orbs of fire
  2 ancient liches
  Saint Roka (Snake:3)
  2 curse toes
  2 pandemonium lords
  3 Killer Klowns
  6 golden dragons
  2 electric golems (Zot:5)
  A Brimstone Fiend (Pan)
  5 bone dragons
  A hellephant (Zot:4)
  21 tentacled monstrosities
  An Ice Fiend (Zig:6)
  16 Orb Guardians
  3 liches
  13 titans
  6 quicksilver dragons
  4 deep elf master archers
  A sphinx (shapeshifter) (Zig:3)
  3 deep elf blademasters
  2 Executioners (Abyss:1)
  9 acid blobs
  7 death cobs
  A kraken (Shoals:1)
  2 eldritch tentacles
  4 ancient champions
  Agnes (Elf:1)
  2 tentacled starspawn (Abyss:1)
  Kirke (Shoals:1)
  A thorn hunter (Zig:5)
  A storm dragon (Vaults:5)
  4 sphinxes
  A revenant (Crypt:3)
  8 shadow dragons
  6 azure jellies
  6 draconian monks
  10 fire giants
  8 frost giants
  4 nagarajas
  7 draconian knights
  2 deep elf sorcerers
  8 vault wardens
  2 black suns
  A cacodemon (D:14)
  5 draconian scorchers
  A deep elf elementalist (Zig:7)
  Aizul (Snake:3)
  A curse skull (Crypt:3)
  A corrupter (Pan)
  4 draconian stormcallers
  A warmonger (Pan)
  7 draconian shifters
  3 reapers
  2 balrugs
  8 stone giants
  12 green draconians
  2 war gargoyles
  5 ironheart preservers
  A blood saint (Zig:6)
  5 draconian annihilators
  2 vampire knights
  14 black draconians
  7 very ugly things
  5 purple draconians
  5 lorocyprocas
  11 white draconians
  A deep elf annihilator (Vaults:5)
  12 red draconians
  10 yellow draconians
  An eidolon (Crypt:1)
  2 merfolk javelineers (Shoals:4)
  A blizzard demon (Pan)
  Snorg (Lair:3)
  A jiangshi (Crypt:1)
  2 merfolk impalers
  A deep elf death mage (Elf:2)
  3 green deaths
  3 ettins
  2 great orbs of eyes
  3 yaktaur captains (Vaults:5)
  5 death oozes
  3 deep elf high priests
  A fire dragon (Vaults:5)
  Josephine (D:14)
  An ogre mage (Depths:4)
  9 hydras
  A great orb of eyes (shapeshifter) (Abyss:3)
  2 ice dragons
  A centaur warrior (D:13)
  A hell beast (Pan)
  9 vault guards (Vaults:5)
  2 ghost crabs (Zig:12)
  A hydra (shapeshifter) (Abyss:3)
  A merfolk aquamancer (Shoals:3)
  7 naga warriors
  An ice dragon (shapeshifter) (Abyss:3)
  2 alligator snapping turtles (Shoals:4)
  4 anacondas
  A catoblepas (shapeshifter) (Vaults:5)
  15 dancing weapons
  A queen ant (shapeshifter) (Zig:9)
  3 alligators
  2 death knights
  13 two-headed ogres
  2 vampire magi
  Urug (Lair:3)
  A tengu warrior (Depths:2)
  5 shock serpents
  4 thrashing horrors (Abyss:3)
  A spriggan berserker (Depths:5)
  4 orc high priests (Orc:2)
  2 sun demons (Pan)
  2 naga sharpshooters (Snake:2)
  A storm dragon zombie (Zig:11)
  3 soul eaters
  A spark wasp zombie (Zig:14)
  A salamander mystic (Snake:2)
  11 large abominations
  8 deep elf knights
  A shadow wraith (Abyss:3)
  5 wretched stars
  5 sixfirhies
  10 skeletal warriors
  9 starcursed masses
  8 unseen horrors
  A death drake (Zig:12)
  2 flayed ghosts
  4 deep trolls (Vaults:5)
  2 glowing orange brains
  2 shambling mangroves (Zig:12)
  A wizard (D:14)
  A shadow dragon zombie (Zig:11)
  2 naga ritualists (Snake:4)
  An iron giant skeleton (Crypt:3)
  11 deep elf archers
  A golden dragon skeleton (Zig:8)
  5 swamp dragons
  Pikel (D:5)
  2 harpies
  2 necromancers
  5 mana vipers
  A harpy (shapeshifter) (Depths:4)
  A manticore (D:9)
  14 ugly things
  5 orc knights
  An orc sorcerer (Orc:2)
  An orb spider (shapeshifter) (Depths:4)
  5 fauns
  9 shining eyes
  22 deep elf magi
  4 ironbrand convokers
  6 salamanders
  A sphinx zombie (Zig:11)
  A frost giant zombie (Zig:8)
  11 moths of wrath
  11 black mambas
  3 cyclopes
  A salamander (shapeshifter) (Abyss:3)
  A moth of wrath (shapeshifter) (Zig:9)
  An oklob plant (Lair:6)
  An apocalypse crab (Zig:1)
  A spriggan zombie (Zig:11)
  2 merfolk sirens
  A guardian serpent (Snake:1)
  8 naga magi
  Psyche (D:8)
  An eye of devastation (Slime:1)
  A guardian serpent (shapeshifter) (Abyss:3)
  5 rust devils
  3 smoke demons
  7 vault sentinels
  4 gargoyles (D:8)
  A yellow draconian zombie (Crypt:3)
  A yaktaur zombie (Depths:1)
  3 orange demons
  A torpor snail (Lair:6)
  2 efreet (D:15)
  16 spiny frogs
  3 ice devils
  8 yaktaurs
  2 ancient zymes (Abyss:3)
  3 tormentors
  A tengu conjurer (Depths:3)
  A red devil (Zig:11)
  2 komodo dragons (Lair:4)
  5 freezing wraiths
  A death yak skeleton (Crypt:3)
  2 hellwings
  A wind drake (Shoals:2)
  5 merfolk
  A meliai (D:15)
  4 trolls
  A merfolk (shapeshifter) (Zig:9)
  5 tyrant leeches
  6 raiju
  8 blink frogs
  5 hippogriffs
  3 bog bodies
  5 hornets
  57 slime creatures
  2 dream sheep (Shoals:3)
  2 flying skulls
  A redback (Zig:13)
  A water elemental (Shoals:3)
  2 spriggan skeletons
  2 spriggans (Zig:10)
  An air elemental (Zig:7)
  An ettin skeleton (Crypt:3)
  3 wraiths
  A ynoxinul (Pan)
  11 yaks
  3 elf zombies
  7 golden eyes
  A wyvern (Lair:5)
  10 vampire mosquitoes
  Grum (D:8)
  5 chaos spawn
  A hog (Shoals:1)
  4 small abominations
  A hungry ghost (Abyss:3)
  A neqoxec (Abyss:2)
  2 insubstantial wisps
  2 wargs
  32 nagas
  A spiny frog zombie (Crypt:3)
  A hydra simulacrum (Zot:4)
  2 hell hounds (Zig:14)
  9 water moccasins
  A floating eye (shapeshifter) (Zig:9)
  2 porcupines
  A black bear (shapeshifter) (D:15)
  26 orc warriors
  4 sky beasts
  2 black bears
  6 eyes of draining
  2 ice beasts
  A phantom (D:5)
  A necrophage (D:10)
  13 wolves
  14 ogres
  10 centaurs
  A snapping turtle skeleton (Crypt:3)
  An elf skeleton (Vaults:5)
  7 crocodiles
  14 bullfrogs
  A gnoll sergeant (D:11)
  An earth elemental (Elf:2)
  5 scorpions
  A hornet simulacrum (D:15)
  A warg skeleton (Crypt:3)
  13 killer bees
  6 wights
  An electric eel (Lair:6)
  2 howler monkeys (D:7)
  3 crimson imps
  2 quasits
  2 centaur zombies
  2 human zombies
  A centaur skeleton (D:7)
  5 jellies
  A demonspawn zombie (Crypt:1)
  A gnoll shaman (Zig:2)
  15 orc priests
  2 bullfrog skeletons (D:7)
  11 orc wizards
  9 iron imps
  Natasha (thrice) (D:2)
  3 iguanas
  5 worker ants
  A lightning spire (Zig:9)
  A big kobold zombie (Ossuary)
  A tengu skeleton (Crypt:3)
  A hound skeleton (D:10)
  A mummy (Zig:11)
  5 gnolls
  13 adders
  A steam dragon skeleton (Crypt:3)
  2 shadow imps
  A white imp (Abyss:2)
  An iguana skeleton (Crypt:3)
  3 leopard geckos
  58 orcs
  A ball python (Lair:4)
  2 bats
  A giant cockroach (D:1)
  A goblin (D:1)
  2 hobgoblins (D:1)
  9 jackals
  7 kobolds
  A quokka (D:11)
  An orc zombie (Ossuary)
  A crawling corpse (Elf:3)
  2 fire vortices (Zig:6)
  A lurking horror (Abyss:3)
  10 plants
  2 starspawn tentacles (Abyss:1)
  2 tentacles (Shoals:1)
1288 creatures vanquished.

Vanquished Creatures (others)
  A golden dragon (Zig:12)
  An Orb Guardian (Zot:5)
  53 eldritch tentacles
  A fire giant (Zot:1)
  A frost giant (Slime:4)
  A rakshasa (D:15)
  A tengu warrior (Depths:3)
  A deep elf knight (Elf:2)
  A sun demon (Zig:6)
  A deep elf archer (Slime:5)
  A deep elf mage (Zig:7)
  A phantasmal warrior (Crypt:3)
  3 moths of wrath (Zot:5)
  A ynoxinul (Abyss:3)
  3 golden eyes (Abyss:2)
  2 chaos spawn
  A naga (Snake:4)
  A leopard gecko (D:5)
  An orc (Vaults:5)
  7 bushes
  A crawling corpse (Elf:3)
  8 demonic plants (Abyss:3)
  4 fire vortices (Zig:6)
  10 fungi
  3 lurking horrors (Abyss:3)
  38 plants
  65 spectral weapons
  11 starspawn tentacles
  6 tentacles (Shoals:1)
229 creatures vanquished.

Grand Total: 3606 creatures vanquished

Notes
Turn   | Place    | Note
-------+----------+-------------------------------------------
     0 | D:1      | MackTheKnife the Merfolk Summoner began the quest for the Orb.
     0 | D:1      | Reached XP level 1. HP: 13/13 MP: 3/3
   224 | D:1      | Reached skill level 3 in Dodging
   603 | D:1      | Reached XP level 2. HP: 20/20 MP: 5/5
   607 | D:1      | Learned a level 2 spell: Call Imp
   792 | D:1      | Reached skill level 1 in Fighting
  1170 | D:2      | Noticed Natasha
  1219 | D:2      | Reached XP level 3. HP: 23/27 MP: 3/6
  1247 | D:2      | Reached skill level 4 in Dodging
  1252 | D:2      | Found a snail-covered altar of Cheibriados.
  1253 | D:2      | Found a shadowy altar of Dithmenos.
  1345 | D:2      | Reached skill level 2 in Fighting
  1363 | D:2      | Found a sparkling altar of Nemelex Xobeh.
  1422 | D:2      | Reached skill level 1 in Polearms
  1604 | D:2      | Found a basalt altar of Yredelemnul.
  1710 | D:2      | Learned a level 3 spell: Call Canine Familiar
  1813 | D:2      | HP: 6/27 [shadow imp/nerve-wracking pain[Natasha] (2)]
  1818 | D:2      | HP: 2/27 [Natasha/magic dart (1)]
  2198 | D:2      | Reached skill level 2 in Polearms
  2198 | D:2      | Reached XP level 4. HP: 30/33 MP: 4/7
  2216 | D:2      | Killed Natasha
  2360 | D:2      | Noticed Natasha
  2372 | D:2      | Killed Natasha
  2372 | D:2      | Reached skill level 3 in Polearms
  2566 | D:2      | Noticed Natasha
  2572 | D:2      | Killed Natasha
  2727 | D:3      | Reached skill level 4 in Polearms
  2804 | D:3      | Found a deep blue altar of Sif Muna.
  2870 | D:3      | Reached XP level 5. HP: 38/38 MP: 8/8
  3583 | D:4      | Reached skill level 5 in Polearms
  4107 | D:5      | Entered Level 5 of the Dungeon
  4127 | D:5      | Reached skill level 3 in Fighting
  4511 | D:5      | Reached XP level 6. HP: 40/47 MP: 4/9
  4824 | D:5      | Noticed Pikel
  4825 | D:5      | Noticed a slave
  4835 | D:5      | Noticed a slave
  4841 | D:5      | Noticed a slave
  4845 | D:5      | Noticed a slave
  4878 | D:5      | Killed Pikel
  4878 | D:5      | Reached skill level 5 in Fighting
  4878 | D:5      | Reached skill level 7 in Polearms
  4878 | D:5      | Reached XP level 7. HP: 48/56 MP: 1/10
  4891 | D:5      | Learned a level 4 spell: Summon Ice Beast
  5206 | D:5      | Reached skill level 1 in Ice Magic
  5254 | D:6      | Found a sand-covered staircase.
  5360 | Ossuary  | Entered an ossuary
  5594 | Ossuary  | Reached skill level 2 in Ice Magic
  5632 | Ossuary  | Reached XP level 8. HP: 61/62 MP: 9/11
  6028 | D:6      | HP: 13/62 [orc (3)]
  6307 | D:7      | Reached skill level 3 in Spellcasting
  6318 | D:7      | Reached skill level 5 in Summonings
  6318 | D:7      | Reached skill level 3 in Ice Magic
  6805 | D:7      | Reached skill level 4 in Ice Magic
  7339 | D:5      | Reached skill level 6 in Summonings
  7461 | D:5      | Reached skill level 5 in Ice Magic
  7854 | D:6      | Reached XP level 9. HP: 68/68 MP: 9/13
  7887 | D:6      | Found a blossoming altar of Fedhas.
  8066 | D:6      | Found a glowing silver altar of Zin.
  8184 | D:6      | Reached skill level 7 in Summonings
  8207 | D:6      | Reached skill level 4 in Spellcasting
  8242 | D:6      | Found a staircase to the Ecumenical Temple.
  8246 | Temple   | Entered the Ecumenical Temple
  8302 | Temple   | Became a worshipper of Warmaster Okawaru
  8537 | D:8      | Noticed Grum
  8569 | D:8      | Killed Grum
  8649 | D:8      | Reached * piety under Okawaru
  8669 | D:8      | Reached skill level 5 in Spellcasting
  8689 | D:8      | Noticed a gargoyle
  8700 | D:8      | Killed a gargoyle
  8822 | D:8      | Reached ** piety under Okawaru
  8838 | D:8      | Noticed a gargoyle
  8842 | D:8      | Noticed Erica
  8848 | D:8      | Killed a gargoyle
  8848 | D:8      | Reached skill level 6 in Spellcasting
  9101 | D:8      | Noticed Psyche
  9107 | D:8      | Killed Psyche
  9107 | D:8      | Reached skill level 8 in Summonings
  9109 | D:8      | Noticed a gargoyle
  9120 | D:8      | Killed a gargoyle
  9120 | D:8      | Reached XP level 10. HP: 73/74 MP: 2/20
  9281 | D:8      | Killed Erica
  9281 | D:8      | Reached *** piety under Okawaru
  9281 | D:8      | Reached skill level 8 in Polearms
  9281 | D:8      | Reached skill level 5 in Dodging
  9490 | D:8      | Found an ornate altar of the Wu Jian Council.
  9759 | D:8      | Noticed a gargoyle
  9767 | D:8      | Killed a gargoyle
  9846 | D:9      | Noticed a manticore
 10187 | D:9      | Reached skill level 6 in Fighting
 10333 | D:9      | Learned a level 4 spell: Summon Lightning Spire
 10484 | D:9      | Found a bloodstained altar of Trog.
 10506 | D:9      | Reached skill level 6 in Dodging
 10507 | D:9      | Reached **** piety under Okawaru
 10647 | D:9      | Found a staircase to the Lair.
 10682 | D:9      | Noticed a two-headed ogre
 10689 | D:9      | Killed a two-headed ogre
 10801 | D:9      | Reached skill level 7 in Fighting
 10868 | D:9      | Reached skill level 1 in Air Magic
 11124 | D:9      | Reached skill level 2 in Air Magic
 11136 | D:9      | Identified the Handbook of the Rocks and Fire
 11175 | D:9      | Killed a manticore
 11175 | D:9      | Reached skill level 7 in Dodging
 11520 | D:9      | Gained mutation: Your magical capacity is low. (-10% MP) [potion of mutation]
 11520 | D:9      | Gained mutation: You are partially covered in yellow scales. (AC +2) [potion of mutation]
 11520 | D:9      | Gained mutation: You are agile. (Dex +2) [potion of mutation]
 11542 | D:10     | Entered Level 10 of the Dungeon
 11625 | D:10     | Killed an unseen horror
 11625 | D:10     | Reached ***** piety under Okawaru
 11625 | D:10     | Reached skill level 9 in Polearms
 11862 | D:10     | Reached skill level 10 in Polearms
 12299 | D:10     | Reached XP level 11. HP: 84/84 MP: 14/18
 12352 | D:10     | Reached skill level 11 in Polearms
 12871 | D:10     | Noticed a two-headed ogre
 12893 | D:10     | Killed a two-headed ogre
 12893 | D:10     | Reached skill level 12 in Polearms
 13634 | D:11     | Noticed a six-headed hydra
 13655 | D:11     | Killed a six-headed hydra
 13655 | D:11     | Reached skill level 13 in Polearms
 14036 | D:11     | Noticed a white ugly thing
 14233 | Lair:1   | Entered Level 1 of the Lair of Beasts
 14233 | Lair:1   | Found a frozen archway.
 14288 | IceCv    | Entered an ice cave
 14288 | IceCv    | Noticed Slowdrip's ghost (journeyman FoAK)
 14376 | Lair:1   | Reached skill level 8 in Dodging
 14589 | Lair:1   | Reached skill level 8 in Fighting
 14702 | Lair:1   | Received a gift from Okawaru
 14995 | Lair:1   | Noticed a four-headed hydra
 15007 | Lair:1   | Killed a four-headed hydra
 15026 | Lair:1   | Reached ****** piety under Okawaru
 15064 | Lair:1   | Reached skill level 9 in Dodging
 15427 | Lair:2   | Received a gift from Okawaru
 15428 | Lair:2   | Got a distressingly furry hat {god gift}
 15547 | Lair:2   | Identified the +1 hat of Mirth {rPois MP+9 Str+4} (Okawaru gifted it to you on level 2 of the Lair of Beasts)
 15615 | Lair:2   | Noticed a four-headed hydra
 15653 | Lair:2   | Killed a four-headed hydra
 15653 | Lair:2   | Reached skill level 9 in Fighting
 15704 | Lair:2   | Reached skill level 10 in Dodging
 15880 | Lair:2   | Reached XP level 12. HP: 96/96 MP: 13/19
 15970 | Lair:2   | Identified a scroll of acquirement
 16785 | Lair:2   | Noticed a six-headed hydra
 16796 | Lair:2   | Killed a six-headed hydra
 16796 | Lair:2   | Reached skill level 10 in Fighting
 17110 | Lair:3   | Found a staircase to the Shoals.
 17121 | Lair:3   | Reached skill level 11 in Dodging
 17267 | Lair:3   | Noticed Urug
 17288 | Lair:3   | Killed Urug
 17317 | Lair:3   | Noticed Sonja
 17356 | Lair:3   | Noticed Snorg
 17383 | Lair:3   | Killed Snorg
 17988 | Lair:4   | Found a staircase to the Snake Pit.
 18237 | Lair:4   | Reached skill level 1 in Invocations
 18315 | Lair:4   | Reached skill level 2 in Invocations
 18408 | Lair:4   | Noticed an eight-headed hydra
 18426 | Lair:4   | Killed an eight-headed hydra
 18426 | Lair:4   | Reached skill level 3 in Invocations
 18522 | Lair:4   | Received a gift from Okawaru
 18533 | Lair:4   | Reached skill level 4 in Invocations
 18794 | Lair:4   | Reached skill level 5 in Invocations
 19328 | Lair:5   | Found a blossoming altar of Fedhas.
 19434 | Lair:5   | Reached skill level 6 in Invocations
 19589 | Lair:6   | Entered Level 6 of the Lair of Beasts
 19662 | Lair:6   | Reached skill level 1 in Armour
 19682 | Lair:6   | Reached skill level 2 in Armour
 19721 | Lair:6   | Reached skill level 3 in Armour
 19802 | Lair:6   | Reached XP level 13. HP: 48/104 MP: 2/20
 19827 | Lair:6   | Reached skill level 4 in Armour
 20194 | Lair:5   | Reached skill level 5 in Armour
 20505 | Lair:6   | Received a gift from Okawaru
 20509 | Lair:6   | Got a pair of faintly humming gloves {god gift}
 20598 | Lair:5   | Identified the +0 pair of gloves of the Hidden Blessings {+Blink Stlth+} (Okawaru gifted it to you on level 6 of the Lair of Beasts)
 20800 | Lair:6   | Reached skill level 6 in Armour
 21222 | Lair:6   | Learned a level 3 spell: Mephitic Cloud
 21528 | Lair:6   | Identified the Compendium of Philately
 21564 | Lair:6   | Reached skill level 12 in Dodging
 21582 | Lair:6   | Reached skill level 11 in Fighting
 21752 | Lair:6   | Found a staircase to the Slime Pits.
 23106 | D:12     | Found a staircase to the Orcish Mines.
 23802 | Orc:1    | Entered Level 1 of the Orcish Mines
 23825 | Orc:1    | Reached skill level 14 in Polearms
 23836 | Orc:1    | Received a gift from Okawaru
 23839 | Orc:1    | Got a steaming bardiche {god gift}
 23856 | Orc:1    | Identified the +4 bardiche of the Jolly Ghosts {drain, rF+ rN+ MR+ Int+4 Dex-4} (Okawaru gifted it to you on level 1 of the Orcish Mines)
 24157 | Orc:2    | Entered Level 2 of the Orcish Mines
 24452 | Orc:2    | HP: 25/106 [sun demon[an orc sorcerer] (5)]
 24465 | Orc:2    | HP: 21/106 [orc priest/divine providence (12)]
 25917 | Orc:2    | Noticed Nessos
 25939 | Orc:2    | Killed Nessos
 25939 | Orc:2    | Reached skill level 15 in Polearms
 25939 | Orc:2    | Reached XP level 14. HP: 44/113 MP: 21/21
 25947 | Orc:2    | HP: 21/113 [orc priest/divine providence (13)]
 25950 | Orc:2    | HP: 9/113 [orc priest/divine providence (13)]
 25956 | Orc:2    | HP: 24/113 [orc priest/divine providence (12)]
 25957 | Orc:2    | HP: 7/113 [orc priest/divine providence (17)]
 26524 | Orc:2    | Received a gift from Okawaru
 26528 | Orc:2    | Got a slimy cloak {god gift}
 26707 | Orc:2    | Identified the +0 cloak "Jibathij" {rF+ MR- Regen+} (Okawaru gifted it to you on level 2 of the Orcish Mines)
 26744 | Orc:2    | Reached skill level 16 in Polearms
 27395 | Orc:2    | Found a roughly hewn altar of Beogh.
 27507 | Orc:2    | Found a staircase to the Elven Halls.
 27636 | Orc:2    | Reached skill level 17 in Polearms
 27895 | Orc:2    | Found Asisaa's Book Shoppe.
 27895 | Orc:2    | Found Cerif's Food Shoppe.
 27896 | Orc:2    | Found Dus Terilak's Weapon Emporium.
 27896 | Orc:2    | Found Ygucos's Assorted Antiques.
 27906 | Orc:2    | Bought a scroll of identify for 58 gold pieces
 27910 | Orc:2    | Bought 3 scrolls of identify for 174 gold pieces
 27910 | Orc:2    | Bought a crooked gold wand for 116 gold pieces
 27914 | Orc:2    | Bought a book of Dreams for 1125 gold pieces
 27921 | Orc:2    | Learned a level 6 spell: Shadow Creatures
 27979 | Elf:1    | Entered Level 1 of the Elven Halls
 28299 | D:13     | Reached skill level 7 in Spellcasting
 28304 | D:13     | HP: 21/113 [enchanted long sword (13)]
 28306 | D:13     | HP: 10/113 [enchanted long sword (4)]
 28306 | D:13     | HP: 2/113 [vampire mosquito (8)]
 28325 | D:13     | HP: 11/113 [vampire mosquito (2)]
 28337 | D:13     | Found a gate to the Vaults.
 28683 | D:13     | HP: 28/113 [enchanted long sword (6)]
 29787 | D:13     | Reached skill level 9 in Summonings
 30464 | D:13     | Upgraded the game from 0.21-a0-143-g1ab7d47 to 0.21-a0-150-gc243083
 30475 | D:14     | Reached skill level 8 in Spellcasting
 30639 | D:14     | Noticed Josephine
 30645 | D:14     | Killed Josephine
 30929 | D:14     | Found Inig's Book Shop.
 31406 | D:14     | HP: 3/113 [enormous slime creature (30)]
 32239 | D:15     | Entered Level 15 of the Dungeon
 32245 | D:15     | Reached skill level 10 in Summonings
 32285 | D:15     | Noticed Roxanne
 32311 | D:15     | Received a gift from Okawaru
 32562 | D:15     | Reached skill level 9 in Spellcasting
 32637 | D:15     | Reached XP level 15. HP: 112/119 MP: 13/25
 33120 | D:15     | Found a staircase to the Depths.
 33202 | D:15     | Found Kuameose's Armour Boutique.
 33240 | D:15     | Found a shadowy altar of Dithmenos.
 33324 | D:15     | Bought a +1 cloak of magic resistance for 280 gold pieces
 33439 | D:15     | Learned a level 2 spell: Blink
 33624 | D:15     | Reached skill level 11 in Summonings
 34094 | Snake:1  | Entered Level 1 of the Snake Pit
 34094 | Snake:1  | Found Miump's General Store.
 34104 | Snake:1  | Received a gift from Okawaru
 34121 | Lair:4   | HP: 29/119 [poisoned by a black mamba]
 34126 | Lair:4   | HP: 26/119 [poisoned by a black mamba]
 34131 | Lair:4   | HP: 24/119 [poisoned by a black mamba]
 34136 | Lair:4   | HP: 22/119 [poisoned by a black mamba]
 34142 | Lair:4   | HP: 22/119 [poisoned by a black mamba]
 34150 | Lair:4   | HP: 23/119 [poisoned by a black mamba]
 34734 | Snake:1  | Found Japutof's Magic Scroll Shoppe.
 34742 | Snake:1  | Reached skill level 12 in Summonings
 35066 | Snake:1  | Received a gift from Okawaru
 35077 | Snake:1  | Found Qyll's Distillery.
 35331 | Snake:1  | Received a gift from Okawaru
 35606 | Snake:2  | Found a flickering gateway to a bazaar.
 35614 | Bazaar   | Entered a bazaar
 35614 | Bazaar   | Found Istresk's Antique Weapon Shop.
 35614 | Bazaar   | Found Cooxuask's Antique Armour Emporium.
 35614 | Bazaar   | Found Unoul's Antique Armour Shop.
 35614 | Bazaar   | Found Paarunen's Assorted Antiques.
 35616 | Bazaar   | Found Ygorche's Jewellery Boutique.
 35616 | Bazaar   | Found Xekhlam's Food Shoppe.
 35654 | Bazaar   | Bought a bloodstained ring mail for 225 gold pieces
 35654 | Bazaar   | Identified the +4 ring mail "Raic" {rElec rF+} (You bought it in a shop in a bazaar)
 35684 | Bazaar   | Bought a scroll labeled QIFAVU DOHA for 23 gold pieces
 35984 | Snake:2  | Reached skill level 18 in Polearms
 37147 | Snake:3  | Noticed Asterion
 37204 | Snake:3  | Noticed a nagaraja
 37212 | Snake:3  | Killed a nagaraja
 37284 | Snake:3  | Noticed Saint Roka
 37315 | Snake:3  | Reached skill level 19 in Polearms
 37500 | Snake:2  | Noticed a nagaraja
 37506 | Snake:2  | Killed a nagaraja
 37506 | Snake:2  | Received a gift from Okawaru
 37658 | Snake:3  | Killed Saint Roka
 38101 | Snake:3  | Received a gift from Okawaru
 38392 | Snake:3  | Reached skill level 20 in Polearms
 38392 | Snake:3  | Reached XP level 16. HP: 119/126 MP: 26/26
 38654 | Snake:3  | Noticed Aizul
 38665 | Snake:3  | Killed Aizul
 39155 | Snake:3  | Killed Asterion
 39291 | Snake:4  | Entered Level 4 of the Snake Pit
 39316 | Snake:4  | Learned a level 3 spell: Regeneration
 39320 | Snake:4  | Learned a level 3 spell: Spectral Weapon
 39372 | Snake:4  | Got a slimy rapier
 39443 | Snake:4  | Reached skill level 21 in Polearms
 39576 | Snake:4  | Reached skill level 1 in Hexes
 39580 | Snake:4  | Reached skill level 1 in Charms
 39580 | Snake:4  | Reached skill level 1 in Necromancy
 39652 | Snake:4  | Reached skill level 2 in Charms
 39658 | Snake:4  | Reached skill level 2 in Hexes
 39719 | Snake:4  | Reached skill level 2 in Necromancy
 39726 | Snake:4  | Reached skill level 3 in Charms
 39727 | Snake:4  | Received a gift from Okawaru
 39951 | Snake:4  | Reached skill level 3 in Hexes
 40053 | Snake:4  | Noticed a nagaraja
 40058 | Snake:4  | Killed a nagaraja
 40073 | Snake:4  | Reached skill level 3 in Necromancy
 40073 | Snake:4  | Reached skill level 4 in Charms
 40349 | Snake:4  | Received a gift from Okawaru
 40374 | Snake:4  | Reached skill level 4 in Hexes
 40432 | Snake:4  | Reached skill level 5 in Charms
 40639 | Snake:4  | Noticed a nagaraja
 40645 | Snake:4  | Killed a nagaraja
 40658 | Snake:4  | Reached skill level 12 in Fighting
 40714 | Snake:4  | Noticed a nagaraja
 40724 | Snake:4  | Killed a nagaraja
 40727 | Snake:4  | Noticed a nagaraja
 40740 | Snake:4  | Killed a nagaraja
 40740 | Snake:4  | Received a gift from Okawaru
 40761 | Snake:4  | Noticed a nagaraja
 40764 | Snake:4  | Noticed a nagaraja
 40814 | Snake:4  | HP: 32/129 [poisoned by a naga (splash of poison)]
 40819 | Snake:4  | HP: 28/129 [poisoned by a naga (splash of poison)]
 40824 | Snake:4  | HP: 26/129 [poisoned by a naga (splash of poison)]
 40829 | Snake:4  | HP: 24/129 [poisoned by a naga (splash of poison)]
 40834 | Snake:4  | HP: 24/129 [poisoned by a naga (splash of poison)]
 40841 | Snake:3  | HP: 24/129 [poisoned by a naga (splash of poison)]
 40849 | Snake:3  | HP: 25/129 [poisoned by a naga (splash of poison)]
 41126 | Snake:3  | Reached skill level 13 in Fighting
 41126 | Snake:3  | Reached XP level 17. HP: 115/136 MP: 27/27
 41361 | Snake:4  | Got a serpentine rune of Zot
 41590 | Snake:2  | Reached skill level 14 in Fighting
 41650 | Shoals:1 | Entered Level 1 of the Shoals
 41726 | Shoals:1 | Learned a level 2 spell: Shroud of Golubria
 41757 | Shoals:1 | Noticed a kraken
 41779 | Shoals:1 | Killed a kraken
 41779 | Shoals:1 | Received a gift from Okawaru
 42753 | Shoals:2 | Reached skill level 15 in Fighting
 42955 | Shoals:2 | Found Ciator's Island Escapes.
 42963 | Shoals:2 | Bought a scroll of blinking for 127 gold pieces
 43486 | Shoals:3 | Reached skill level 13 in Dodging
 44313 | Shoals:4 | Entered Level 4 of the Shoals
 44404 | Shoals:4 | Reached skill level 14 in Dodging
 44710 | Shoals:4 | Noticed Ilsuiw
 44743 | Shoals:4 | Killed Ilsuiw
 44937 | Shoals:4 | Got a twisted mace
 45017 | Shoals:4 | Reached skill level 15 in Dodging
 45044 | Shoals:4 | Received a gift from Okawaru
 45048 | Shoals:4 | Got a slimy glaive {god gift}
 45060 | Shoals:4 | Got a barnacled rune of Zot
 45216 | Shoals:4 | Identified the +2 glaive of Spores {antimagic, *Noise +Rage +Inv SInv} (Okawaru gifted it to you on level 4 of the Shoals)
 45667 | Shoals:4 | Reached XP level 18. HP: 139/149 MP: 26/28
 45674 | Shoals:4 | Reached skill level 16 in Dodging
 46106 | Shoals:4 | Got a crude dire flail
 46149 | Shoals:4 | Received a gift from Okawaru
 46185 | Shoals:1 | Noticed Kirke
 46193 | Shoals:1 | Killed Kirke
 46193 | Shoals:1 | Reached skill level 17 in Dodging
 46216 | Shoals:1 | You fall through a shaft!
 46471 | Vaults:1 | Entered Level 1 of the Vaults
 46756 | Vaults:1 | Reached skill level 3 in Air Magic
 47219 | Vaults:1 | Found Acioc's General Store.
 47261 | Vaults:1 | Reached skill level 18 in Dodging
 47270 | Vaults:1 | Reached skill level 4 in Air Magic
 47607 | Vaults:1 | Reached skill level 19 in Dodging
 47621 | Vaults:1 | Received a gift from Okawaru
 48681 | Vaults:2 | Reached skill level 20 in Dodging
 48681 | Vaults:2 | Reached XP level 19. HP: 151/155 MP: 29/29
 48835 | Vaults:2 | Reached skill level 3 in Stealth
 48962 | Vaults:2 | Reached skill level 4 in Stealth
 48996 | Vaults:2 | Reached skill level 5 in Stealth
 49334 | Vaults:2 | Reached skill level 6 in Stealth
 49347 | Vaults:2 | Received a gift from Okawaru
 49379 | Vaults:2 | Reached skill level 7 in Stealth
 49486 | Vaults:2 | Reached skill level 8 in Stealth
 49959 | Vaults:2 | Reached skill level 7 in Invocations
 50077 | Vaults:2 | Reached skill level 8 in Invocations
 50092 | Vaults:2 | Reached skill level 1 in Evocations
 50136 | Vaults:1 | Reached skill level 2 in Evocations
 50222 | Vaults:2 | Reached skill level 3 in Evocations
 50317 | Vaults:2 | Reached skill level 4 in Evocations
 50327 | Vaults:2 | Reached skill level 5 in Evocations
 50665 | Vaults:2 | Received a gift from Okawaru
 50748 | Vaults:2 | Reached skill level 6 in Evocations
 50986 | Vaults:2 | Reached skill level 7 in Evocations
 51226 | Vaults:2 | Reached skill level 8 in Evocations
 51295 | Vaults:3 | Noticed Nikola
 51304 | Vaults:3 | Killed Nikola
 51372 | Vaults:3 | Reached XP level 20. HP: 127/163 MP: 18/29
 51536 | Vaults:3 | Got a twisted halberd
 51537 | Vaults:3 | Identified the cursed +1 halberd of Kismet {freeze, rElec rF- Int+3} (You found it on level 3 of the Vaults)
 51649 | Vaults:3 | Reached skill level 16 in Fighting
 51737 | Vaults:3 | p0werm0de: damn man major splat :!!
 51749 | Vaults:3 | p0werm0de: !lg p0werm0de
 51749 | Vaults:3 | beem: 5327. p0werm0de the Vampiric Blade (L27 VpCK of Xom), blasted by a hellion (damnation) in Pandemonium on 2017-07-26 19:14:55, with 938756 points after 54039 turns and 3:52:45.
 51749 | Vaults:3 | MackTheKnife: what happened? :(
 51749 | Vaults:3 | p0werm0de: :&
 51749 | Vaults:3 | MackTheKnife: link morgue
 51749 | Vaults:3 | p0werm0de: !lg p0werm0de -log
 51749 | Vaults:3 | beem: 5327. p0werm0de, XL27 VpCK, T:54039: http://crawl.xtahua.com/crawl/morgue/p0werm0de/morgue-p0werm0de-20170726-191455.txt
 51749 | Vaults:3 | p0werm0de: teleport betwen tzitzi and hellion
 51749 | Vaults:3 | p0werm0de: at low hp
 51749 | Vaults:3 | MackTheKnife: >You could see a Tzitzimitl,
 51749 | Vaults:3 | MackTheKnife: Yeah
 51749 | Vaults:3 | MackTheKnife: those are so deadly
 52173 | Vaults:3 | Received a gift from Okawaru
 52198 | Vaults:3 | Got a turquoise-encrusted ring mail {god gift}
 52506 | Vaults:3 | Identified the +0 ring mail of Classification {-Tele rN+ Slay+3 SInv} (Okawaru gifted it to you on level 3 of the Vaults)
 52553 | Vaults:3 | Reached skill level 17 in Fighting
 52726 | Vaults:3 | Found a staircase to the Crypt.
 52726 | Vaults:3 | Found an ancient bone altar of Kikubaaqudgha.
 52727 | Vaults:3 | Found a basalt altar of Yredelemnul.
 52961 | Vaults:3 | MackTheKnife: malign gateway is pretty op, yea?
 53074 | Vaults:3 | Reached skill level 18 in Fighting
 53784 | Vaults:4 | Received a gift from Okawaru
 54066 | Vaults:4 | Reached skill level 19 in Fighting
 54473 | Vaults:4 | Reached XP level 21. HP: 180/180 MP: 31/31
 54991 | Vaults:4 | Reached skill level 10 in Spellcasting
 55700 | Elf:1    | Found Cargh's General Store.
 55787 | Elf:1    | Received a gift from Okawaru
 55787 | Elf:1    | Reached skill level 13 in Summonings
 55955 | Elf:1    | Noticed Agnes
 56047 | Elf:1    | Killed Agnes
 56863 | Elf:2    | Reached skill level 11 in Spellcasting
 57363 | Elf:2    | Found a runed gate.
 57363 | Elf:2    | Found a runed gate.
 57363 | Elf:2    | Found a runed gate.
 57406 | Elf:3    | Entered Level 3 of the Elven Halls
 57800 | Elf:3    | Reached skill level 14 in Summonings
 57824 | Elf:3    | Noticed Donald
 57832 | Elf:3    | Killed Donald
 58166 | Elf:3    | Reached skill level 12 in Spellcasting
 58677 | Elf:3    | Received a gift from Okawaru
 58693 | Elf:3    | Reached XP level 22. HP: 166/187 MP: 22/34
 59102 | Elf:3    | Got a transparent leather armour
 59102 | Elf:3    | Got a coiled bronze ring
 59181 | Elf:3    | Got a wavering pewter ring
 59182 | Elf:3    | Identified the ring of Okawaru's Castigation {MR+ EV+5 Int+2} (You took it off a deep elf mage on level 3 of the Elven Halls)
 59185 | Elf:3    | Identified the ring "Gaoxon" {-Tele MP+9 Int+4 SInv} (You took it off a deep elf high priest on level 3 of the Elven Halls)
 59201 | Elf:3    | Identified the +0 leather armour of the Boiling Point {*Slow rCorr Str-2 Int+10} (You took it off a deep elf mage on level 3 of the Elven Halls)
 59267 | Elf:3    | Reached skill level 15 in Summonings
 59268 | Elf:3    | Was placed under penance by Okawaru
 59269 | Elf:3    | HP: 30/187 [deep elf master archer/arrow (21)]
 60142 | Elf:3    | Was forgiven by Okawaru
 60220 | Elf:3    | Reached skill level 13 in Spellcasting
 60264 | Elf:3    | Got a pair of transparent gloves
 60265 | Elf:3    | Identified the +0 pair of gloves "Peosucu" {-Cast rElec rCorr} (You found it on level 3 of the Elven Halls)
 60270 | Elf:3    | Got a steaming cloak
 60271 | Elf:3    | Identified the -5 cloak "Ziecvi" {rN+ Int+4 Stlth-} (You found it on level 3 of the Elven Halls)
 60558 | D:14     | Bought a Grand Grimoire for 1435 gold pieces
 60566 | D:14     | Learned a level 7 spell: Malign Gateway
 60660 | Depths:1 | Entered Level 1 of the Depths
 60700 | Depths:1 | Reached skill level 1 in Translocations
 60720 | Depths:1 | Reached skill level 2 in Translocations
 60758 | Depths:1 | Reached skill level 3 in Translocations
 61121 | Depths:1 | Reached skill level 4 in Translocations
 61378 | Depths:1 | Got a fine demon whip {slash}
 61436 | Depths:1 | Reached skill level 5 in Translocations
 61446 | Depths:1 | Found a gateway to Hell.
 61607 | Depths:1 | Found a gateway to a ziggurat.
 61670 | Depths:1 | Found Woociatt's Book Boutique.
 61671 | Depths:1 | Found Ossorusa's Antique Armour Boutique.
 61671 | Depths:1 | Found Tunluod's Antique Armour Shop.
 61674 | Depths:1 | Found Qummegu's Antique Armour Shop.
 61691 | Depths:1 | Bought a pair of embroidered boots for 262 gold pieces
 61706 | Depths:1 | Identified a +0 pair of boots of running (You bought it in a shop on level 1 of the Depths)
 62136 | Depths:2 | Reached skill level 6 in Translocations
 62179 | Depths:2 | Received a gift from Okawaru
 62198 | Depths:2 | Got a smoking fustibalus {god gift}
 62306 | Depths:2 | Reached skill level 7 in Translocations
 62522 | Depths:2 | Learned a level 7 spell: Monstrous Menagerie
 62785 | Depths:2 | Found a one-way gate leading to the halls of Pandemonium.
 62944 | Depths:2 | Reached XP level 23. HP: 155/194 MP: 32/36
 63334 | Depths:2 | Reached skill level 8 in Translocations
 63558 | Depths:2 | Received a gift from Okawaru
 64589 | Depths:3 | Found a runed door.
 64774 | Depths:3 | Reached skill level 16 in Summonings
 64785 | Depths:3 | Reached skill level 9 in Translocations
 64786 | Depths:3 | Noticed a golden dragon
 64803 | Depths:3 | Killed a golden dragon
 64888 | Depths:3 | Got a smoking chain mail
 64895 | Depths:3 | Identified the +4 chain mail of Indemnity {-Cast Regen+ Dex+3} (You took it off a deep elf high priest on level 3 of the Depths)
 64905 | Depths:3 | Got a coiled glass ring
 64910 | Depths:3 | Identified the ring "Hemoaf" {Ice +Blink Str+3 Dex+2 Slay+4} (You found it on level 3 of the Depths)
 64960 | Depths:3 | Found a runed door.
 64960 | Depths:3 | Found a runed door.
 64975 | Depths:3 | Reached skill level 14 in Spellcasting
 65047 | Depths:3 | Found a runed door.
 65099 | Depths:3 | Learned a level 7 spell: Haunt
 65293 | Depths:3 | Received a gift from Okawaru
 65294 | Depths:3 | Paralysed by a floating eye for 2 turns
 66028 | Depths:3 | Found a one-way gate to the infinite horrors of the Abyss.
 66197 | Depths:3 | Found a glowing golden altar of the Shining One.
 66606 | Depths:4 | Reached skill level 10 in Translocations
 66870 | Depths:4 | Reached XP level 24. HP: 193/201 MP: 34/37
 67204 | Depths:4 | Reached skill level 17 in Summonings
 67523 | Depths:1 | Bought a faintly humming cloak for 427 gold pieces
 67533 | Depths:1 | Identified the +2 cloak "Ottas" {rF++ rC++ Int-2} (You bought it in a shop on level 1 of the Depths)
 68342 | Lair:6   | Learned a level 9 spell: Dragon's Call
 68979 | Depths:4 | Reached skill level 4 in Necromancy
 69578 | Depths:5 | Entered Level 5 of the Depths
 69624 | Depths:5 | Noticed a juggernaut
 69639 | Depths:5 | Killed a juggernaut
 70281 | Depths:5 | Reached skill level 5 in Necromancy
 70348 | Depths:5 | Received a gift from Okawaru
 71310 | Depths:5 | Found a gate to the Realm of Zot.
 71807 | Depths:2 | Learned a level 8 spell: Summon Horrible Things
 72038 | Vaults:1 | Reached skill level 18 in Summonings
 72171 | Vaults:5 | Entered Level 5 of the Vaults
 72760 | Vaults:5 | Received a gift from Okawaru
 72815 | Vaults:5 | Reached skill level 19 in Summonings
 72834 | Vaults:5 | Got a faintly glowing granite ring
 72874 | Vaults:5 | Got a slimy golden ring
 72890 | Vaults:5 | Found Inaxop's Book Boutique.
 73012 | Vaults:5 | Identified the ring "Kuodex" {+Inv rC++ SInv Stlth+} (You took it off a yaktaur captain on level 5 of the Vaults)
 73013 | Vaults:5 | Identified the ring "Haggih" {*Corrode rPois rC+ MR+ Int+4} (You took it off a yaktaur on level 5 of the Vaults)
 73026 | Vaults:5 | Learned a level 4 spell: Passage of Golubria
 73180 | Vaults:5 | Got a pair of steaming boots
 73184 | Vaults:5 | Identified the +2 pair of boots "Daone" {Int+3} (You found it on level 5 of the Vaults)
 73222 | Vaults:5 | Received a gift from Okawaru
 73407 | Vaults:5 | Got a shimmering steel amulet
 73408 | Vaults:5 | Identified the amulet "Tirphoij" {Inacc rF+ rC+} (You found it on level 5 of the Vaults)
 73471 | Vaults:5 | Reached XP level 25. HP: 164/207 MP: 37/37
 73763 | Vaults:5 | Reached skill level 20 in Summonings
 73820 | Vaults:5 | Got a silver rune of Zot
 74261 | Vaults:5 | Got a steaming arbalest
 74306 | Vaults:5 | Got a fine scale mail
 74310 | Vaults:5 | Identified the cursed +0 scale mail of the Well-Known Moons {-Tele rElec rF- Stlth+} (You took it off an orc on level 5 of the Vaults)
 74867 | Vaults:5 | Identified the +10 arbalest "Quppod" {flame, rC- MP+9 Str+4} (You took it off a vault guard on level 5 of the Vaults)
 74989 | Crypt:1  | Entered Level 1 of the Crypt
 75855 | Crypt:3  | Entered Level 3 of the Crypt
 75959 | Crypt:3  | Received a gift from Okawaru
 76205 | Crypt:3  | Reached skill level 21 in Summonings
 76308 | Crypt:3  | Noticed an ancient lich
 76333 | Crypt:3  | Killed an ancient lich
 76333 | Crypt:3  | Reached skill level 15 in Spellcasting
 76693 | Crypt:3  | Found a staircase to the Tomb.
 76937 | Crypt:3  | Noticed an ancient lich
 76944 | Crypt:3  | Killed an ancient lich
 76967 | Crypt:3  | Got a smoking brass amulet
 76979 | Crypt:3  | Got a steaming leather armour
 76989 | Crypt:3  | Identified the amulet "Raalod" {Faith rC+ MR+} (You found it on level 3 of the Crypt)
 77014 | Crypt:3  | Identified the cursed +1 leather armour of the Ladybird {+Fly rElec Regen+ Dex+3 Slay-4} (You found it on level 3 of the Crypt)
 77470 | Slime:1  | Entered Level 1 of the Pits of Slime
 77785 | Slime:1  | Received a gift from Okawaru
 77785 | Slime:1  | Reached skill level 22 in Summonings
 77786 | Slime:1  | Got scorched storm dragon scales {god gift}
 77789 | Slime:2  | Identified the +10 storm dragon scales of Valiance {rElec rC++} (Okawaru gifted it to you on level 1 of the Pits of Slime)
 77983 | Slime:5  | Entered Level 5 of the Pits of Slime
 78133 | Slime:5  | Reached XP level 26. HP: 215/215 MP: 37/37
 78464 | Slime:5  | Noticed the Royal Jelly
 78470 | Slime:5  | Was placed under penance by Okawaru
 78475 | Slime:5  | Killed the Royal Jelly
 78643 | Slime:5  | Got a crude bone ring
 78645 | Slime:5  | Got a slimy rune of Zot
 78655 | Slime:5  | Got an ancient leather armour
 78666 | Slime:5  | Identified the +2 leather armour of Impermeability {+Inv} (You found it on level 5 of the Pits of Slime)
 78692 | Slime:5  | Identified the ring "Faoschedu" {Dex+3 Slay+2 Stlth-} (You found it on level 5 of the Pits of Slime)
 78787 | Slime:5  | Got an ominously black robe
 78788 | Slime:5  | Identified the cursed +1 robe "Futziosomn" {*Drain +Fly Dex+2} (You found it on level 5 of the Pits of Slime)
 78871 | Slime:4  | Gained mutation: Your magical capacity is very low. (-20% MP) [a shining eye]
 79409 | Lair:1   | Fell from the grace of Okawaru
 79707 | Depths:3 | Voluntarily entered the Abyss.
 79707 | Abyss:1  | Found a corrupted altar of Lugonu.
 80154 | Abyss:2  | Gained mutation: You are dopey. (Int -2) [a neqoxec]
 80481 | Abyss:3  | HP: 31/150 [titan/bolt of lightning[the fury of Okawaru] (22)]
 80596 | Abyss:3  | Lost mutation: You are agile. (Dex +2) [potion of mutation]
 80596 | Abyss:3  | Lost mutation: You are dopey. (Int -2) [potion of mutation]
 80596 | Abyss:3  | Lost mutation: Your magical capacity is very low. (-20% MP) [potion of mutation]
 80596 | Abyss:3  | Lost mutation: Your magical capacity is low. (-10% MP) [potion of mutation]
 80596 | Abyss:3  | Gained mutation: You are partially covered in thin metallic scales. (AC +2) [potion of mutation]
 80603 | Abyss:3  | HP: 42/193 [fire giant/great sword of flaming[the fury of Okawaru] (13)]
 80908 | Depths:3 | Escaped the Abyss
 80988 | Depths:3 | Voluntarily entered the Abyss.
 81023 | Abyss:1  | Reached skill level 16 in Spellcasting
 81035 | Abyss:1  | Noticed an ancient lich
 81041 | Abyss:1  | Killed an ancient lich
 81059 | Abyss:1  | Found a corrupted altar of Lugonu.
 81377 | Abyss:1  | Found a blossoming altar of Fedhas.
 82069 | Abyss:2  | Got a polished crystal plate armour
 82070 | Abyss:2  | Identified the +1 crystal plate armour of the Farrier {rF+ Int+7} (You acquired it on level 2 of the Abyss)
 82265 | Abyss:2  | Paralysed by accursed screaming for 1 turns
 82267 | Depths:3 | Escaped the Abyss
 82503 | Depths:3 | Voluntarily entered the Abyss.
 82799 | Abyss:2  | Got a bloodstained robe
 82800 | Abyss:2  | Identified the +1 robe "Ycocwadd" {rN+ MR+} (You found it on level 2 of the Abyss)
 82946 | Abyss:2  | Found a corrupted altar of Lugonu.
 82993 | Abyss:2  | Reached skill level 17 in Spellcasting
 83055 | Abyss:3  | Found a corrupted altar of Lugonu.
 83481 | Abyss:3  | Got an abyssal rune of Zot
 83565 | Depths:3 | Escaped the Abyss
 84765 | D:2      | Became a worshipper of Cheibriados the Contemplative
 85676 | Zot:1    | Entered Level 1 of the Realm of Zot
 85787 | Zot:1    | Noticed an orb of fire
 85800 | Zot:1    | Killed an orb of fire
 85804 | Zot:1    | Reached skill level 18 in Spellcasting
 85815 | Zot:1    | Reached * piety under Cheibriados
 86113 | Zot:1    | Reached XP level 27. HP: 213/221 MP: 45/45
 86398 | Zot:1    | Reached skill level 7 in Armour
 86403 | Zot:1    | HP: 44/221 [something (35)]
 86450 | Zot:1    | Reached ** piety under Cheibriados
 87240 | Depths:4 | Voluntarily entered the Abyss.
 87257 | Abyss:1  | Reached skill level 8 in Armour
 87265 | Depths:4 | Escaped the Abyss
 88163 | Elf:2    | Reached *** piety under Cheibriados
 88440 | Elf:2    | Reached **** piety under Cheibriados
 89000 | Zot:1    | Reached skill level 9 in Armour
 89747 | Zot:2    | p0werm0de: !polymorph Anon
 89748 | Zot:2    | beem: p0werm0de zaps a wand. Anon evaporates and reforms as a golden dragon!
 89748 | Zot:2    | MackTheKnife: :>
 89771 | Zot:2    | Was forgiven by Okawaru
 89804 | Zot:2    | p0werm0de: bardiche ftw ;D
 89809 | Zot:2    | p0werm0de: you in leather armor??
 89809 | Zot:2    | p0werm0de: give dump plx
 89809 | Zot:2    | p0werm0de: ;DD
 89809 | Zot:2    | p0werm0de: lol
 89809 | Zot:2    | MackTheKnife: isnt it #?
 89809 | Zot:2    | MackTheKnife: there we go
 89809 | Zot:2    | p0werm0de: ye thx
 89809 | Zot:2    | p0werm0de: dragoncall;D
 89809 | Zot:2    | p0werm0de: noobspell!!
 89809 | Zot:2    | p0werm0de: ;D
 89809 | Zot:2    | MackTheKnife: but it's cool!
 89809 | Zot:2    | MackTheKnife: don't hate
 90128 | Zot:2    | Reached skill level 10 in Armour
 90223 | Zot:3    | p0werm0de: ye its easy to use
 90243 | Zot:3    | Reached ***** piety under Cheibriados
 90264 | Zot:3    | p0werm0de: you can even pop silence afterwards and get new dragons
 90315 | Zot:3    | MackTheKnife: sweet!
 90390 | Zot:3    | Reached skill level 11 in Armour
 90943 | Zot:4    | Reached ****** piety under Cheibriados
 90997 | Zot:4    | Reached skill level 12 in Armour
 91503 | Zot:4    | Noticed an orb of fire
 91508 | Zot:4    | Killed an orb of fire
 91523 | Zot:4    | Reached skill level 13 in Armour
 91728 | Zot:5    | Entered Level 5 of the Realm of Zot
 92273 | Zot:5    | Reached skill level 14 in Armour
 92895 | Vaults:5 | Bought a book of the Warp for 1440 gold pieces
 92904 | Vaults:5 | Learned a level 8 spell: Controlled Blink
 93511 | Zig:1    | Entered Level 1 of a ziggurat
 93530 | Zig:2    | Entered Level 2 of a ziggurat
 93578 | Zig:3    | Entered Level 3 of a ziggurat
 93601 | Zig:3    | Learned a level 4 spell: Control Undead
 93612 | Zig:4    | Entered Level 4 of a ziggurat
 93651 | Zig:5    | Entered Level 5 of a ziggurat
 93675 | Zig:5    | Identified the Papyrus of the Scorching Entourage
 93680 | Zig:5    | Identified the Collected Works on Ashen Shape Shifting
 93689 | Zig:5    | Got a faintly glowing fustibalus
 93692 | Zig:5    | Identified the +7 fustibalus of Imbalance {venom, rElec Str+3} (You found it on level 5 of a ziggurat)
 93739 | Zig:6    | Entered Level 6 of a ziggurat
 93744 | Zig:6    | Noticed Qacag the pandemonium lord
 93753 | Zig:6    | Killed Qacag the pandemonium lord
 93900 | Zig:6    | Got a smoking spear
 93901 | Zig:6    | Identified the cursed +1 spear of Poverty {elec, Fragile +Rage Int+4} (You found it on level 6 of a ziggurat)
 93932 | Zig:7    | Entered Level 7 of a ziggurat
 93975 | Zig:7    | Got a shimmering chain mail
 93976 | Zig:7    | Identified the cursed +1 chain mail of the Land of Plenty {-Cast rN+ Str+3} (You found it on level 7 of a ziggurat)
 94036 | Zig:8    | Entered Level 8 of a ziggurat
 94111 | Zig:8    | Got an encrusted war axe
 94112 | Zig:8    | Identified the +11 war axe of Kovotu {chop, rElec} (You found it on level 8 of a ziggurat)
 94163 | Zig:9    | Entered Level 9 of a ziggurat
 94183 | Zig:9    | Reached skill level 15 in Armour
 94300 | Zig:10   | Entered Level 10 of a ziggurat
 94342 | Zig:10   | Got a crude long sword
 94448 | Zig:11   | Entered Level 11 of a ziggurat
 94522 | Zig:11   | Got a fine spear
 94523 | Zig:11   | Identified the +9 spear of Wealth {freeze, rN+ Str+6} (You found it on level 11 of a ziggurat)
 94609 | Zig:12   | Entered Level 12 of a ziggurat
 94630 | Zig:12   | Reached skill level 11 in Translocations
 94665 | Zig:12   | Got a fine amber ring
 94666 | Zig:12   | Identified the ring of Uteizxeo {*Drain +Blink MR- Int+2 Dex+8} (You found it on level 12 of a ziggurat)
 94669 | Zig:12   | Got an ichor-stained hunting sling
 94674 | Zig:12   | Got a sparkling pewter ring
 94675 | Zig:12   | Identified the ring "Xanugucw" {rN+ MP+9} (You found it on level 12 of a ziggurat)
 94686 | Zig:12   | Got a steaming flail
 94729 | Zig:13   | Entered Level 13 of a ziggurat
 94750 | Zig:14   | Entered Level 14 of a ziggurat
 94775 | Zig:14   | HP: 33/221 [hellion/damnation (39)]
 94775 | Zig:14   | HP: 2/221 [hellion/damnation (31)]
 95000 | Pan      | Entered Pandemonium
 95059 | Pan      | Noticed Oxzup the pandemonium lord
 95266 | Pan      | Noticed Lelootil the pandemonium lord
 95269 | Pan      | HP: 42/221 [Brimstone Fiend/damnation (40)]
 95494 | Pan      | Found an exit through the horrors of the Abyss.
 95501 | Pan      | Took an exit into the Abyss.
 95501 | Abyss:1  | Escaped into the Abyss
 95512 | Abyss:1  | Paralysed by accursed screaming for 1 turns
 95514 | Abyss:1  | Reached skill level 12 in Translocations
 95618 | Depths:2 | Escaped the Abyss
 96042 | Zot:5    | Lost mutation: You are partially covered in thin metallic scales. (AC +2) [potion of mutation]
 96042 | Zot:5    | Gained mutation: Your muscles are strong. (Str +2) [potion of mutation]
 96042 | Zot:5    | Gained mutation: You are frail. (-10% HP) [potion of mutation]
 96042 | Zot:5    | Gained mutation: You have supernaturally acute eyesight. (SInv) [potion of mutation]
 96043 | Zot:5    | Lost mutation: You are frail. (-10% HP) [potion of mutation]
 96043 | Zot:5    | Lost mutation: Your muscles are strong. (Str +2) [potion of mutation]
 96043 | Zot:5    | Lost mutation: You have supernaturally acute eyesight. (SInv) [potion of mutation]
 96043 | Zot:5    | Lost mutation: You are partially covered in yellow scales. (AC +2) [potion of mutation]
 96043 | Zot:5    | Gained mutation: You are partially covered in slimy green scales. (AC +2) [potion of mutation]
 96043 | Zot:5    | Gained mutation: Your system is resistant to poisons. (rPois) [potion of mutation]
 96044 | Zot:5    | Lost mutation: Your system is resistant to poisons. (rPois) [potion of mutation]
 96044 | Zot:5    | Lost mutation: You are partially covered in slimy green scales. (AC +2) [potion of mutation]
 96044 | Zot:5    | Gained mutation: You are resistant to electric shocks. (rElec) [potion of mutation]
 96044 | Zot:5    | Gained mutation: Your movements are slightly less encumbered by armour. (ER -2) [potion of mutation]
 96075 | Zot:5    | Noticed an orb of fire
 96139 | Zot:5    | Noticed an ancient lich
 96150 | Zot:5    | Killed an ancient lich
 96297 | Depths:5 | Lost mutation: You are resistant to electric shocks. (rElec) [potion of mutation]
 96297 | Depths:5 | Lost mutation: Your movements are slightly less encumbered by armour. (ER -2) [potion of mutation]
 96297 | Depths:5 | Gained mutation: You possess an exceptional clarity of mind. [potion of mutation]
 96297 | Depths:5 | Gained mutation: Your muscles are strong. (Str +2) [potion of mutation]
 96297 | Depths:5 | Gained mutation: You are clumsy. (Dex -2) [potion of mutation]
 96297 | Depths:5 | Gained mutation: Your spells are a little harder to cast, but a little more powerful. [potion of mutation]
 96298 | Depths:5 | Lost mutation: Your spells are a little harder to cast, but a little more powerful. [potion of mutation]
 96298 | Depths:5 | Lost mutation: Your muscles are strong. (Str +2) [potion of mutation]
 96298 | Depths:5 | Lost mutation: You are clumsy. (Dex -2) [potion of mutation]
 96298 | Depths:5 | Gained mutation: Scrolls take you a little longer to read. [potion of mutation]
 96298 | Depths:5 | Gained mutation: Scrolls take you longer to read. [potion of mutation]
 96298 | Depths:5 | Gained mutation: You are partially covered in molten scales. (AC +2) [potion of mutation]
 96299 | Depths:5 | Lost mutation: Scrolls take you longer to read. [potion of mutation]
 96299 | Depths:5 | Lost mutation: Scrolls take you a little longer to read. [potion of mutation]
 96299 | Depths:5 | Lost mutation: You possess an exceptional clarity of mind. [potion of mutation]
 96299 | Depths:5 | Lost mutation: You are partially covered in molten scales. (AC +2) [potion of mutation]
 96299 | Depths:5 | Gained mutation: Your system is resistant to poisons. (rPois) [potion of mutation]
 96299 | Depths:5 | Gained mutation: Armour fits poorly on your strangely shaped body. [potion of mutation]
 96299 | Depths:5 | Gained mutation: You are agile. (Dex +2) [potion of mutation]
 96300 | Depths:5 | Lost mutation: Armour fits poorly on your strangely shaped body. [potion of mutation]
 96300 | Depths:5 | Lost mutation: You are agile. (Dex +2) [potion of mutation]
 96300 | Depths:5 | Lost mutation: Your system is resistant to poisons. (rPois) [potion of mutation]
 96300 | Depths:5 | Gained mutation: You are dopey. (Int -2) [potion of mutation]
 96300 | Depths:5 | Gained mutation: Your natural rate of healing is unusually fast. [potion of mutation]
 96300 | Depths:5 | Gained mutation: You have a pair of small horns on your head. [potion of mutation]
 96301 | Depths:5 | Lost mutation: You have a pair of small horns on your head. [potion of mutation]
 96301 | Depths:5 | Lost mutation: You are dopey. (Int -2) [potion of mutation]
 96301 | Depths:5 | Lost mutation: Your natural rate of healing is unusually fast. [potion of mutation]
 96301 | Depths:5 | Gained mutation: You are weak. (Str -2) [potion of mutation]
 96301 | Depths:5 | Gained mutation: Your mind is acute. (Int +2) [potion of mutation]
 96544 | Depths:1 | Reached skill level 22 in Polearms
 96836 | Zot:5    | Noticed an orb of fire
 96836 | Zot:5    | Noticed an orb of fire
 96844 | Zot:5    | Gained mutation: You are resistant to hostile enchantments. (MR+) [an orb of fire]
 96849 | Zot:5    | Killed an orb of fire
 96853 | Zot:5    | Killed an orb of fire
 96865 | Zot:5    | Reached skill level 23 in Polearms
 97314 | Zot:5    | Reached skill level 9 in Invocations
 97413 | Zot:5    | Gained mutation: You tend to lose your temper in combat. [an orb of fire]
 97416 | Zot:5    | Killed an orb of fire
 97524 | Zot:5    | Got the Orb of Zot
 97804 | Depths:2 | Lost mutation: Your mind is acute. (Int +2) [potion of mutation]
 97804 | Depths:2 | Lost mutation: You tend to lose your temper in combat. [potion of mutation]
 97804 | Depths:2 | Lost mutation: You are weak. (Str -2) [potion of mutation]
 97804 | Depths:2 | Lost mutation: You are resistant to hostile enchantments. (MR+) [potion of mutation]
 97804 | Depths:2 | Gained mutation: You are dopey. (Int -2) [potion of mutation]
 97804 | Depths:2 | Gained mutation: You are somewhat resistant to further mutation. [potion of mutation]
 97805 | Depths:2 | Lost mutation: You are somewhat resistant to further mutation. [potion of mutation]
 97805 | Depths:2 | Lost mutation: You are dopey. (Int -2) [potion of mutation]
 97805 | Depths:2 | Gained mutation: Your flesh is cold resistant. (rC+) [potion of mutation]
 97805 | Depths:2 | Gained mutation: You have an increased reservoir of magic. (+10% MP) [potion of mutation]
 97898 | D:15     | Noticed Dael the pandemonium lord
 97901 | D:15     | HP: 54/221 [Dael the pandemonium lord (3)]
 97911 | D:15     | Killed Dael the pandemonium lord
 97911 | D:15     | Reached skill level 24 in Polearms
 97911 | D:15     | Reached skill level 10 in Invocations
 98090 | D:13     | Gained mutation: You occasionally shout uncontrollably at your foes. [a neqoxec]
 98247 | D:6      | Noticed a seraph
 98447 | D:$      | Escaped with the Orb!

Vault maps used:
D:1:      lemuel_arrival_behind_the_door_small
D:2:      nemelex_altar_shiori, gammafunk_temple_overflow_forgotten,
          uniq_natasha
D:3:      lemuel_crystal_altar
D:4:      first_bread
D:5:      uniq_pikel
D:6:      fedhas_altar_1, zin_scriptorium, temple_hall_moat, enter_ossuary_1
D:8:      cheibrodos_statue_roulette, lemuel_round_altar, uniq_erica, uniq_grum,
          uniq_psyche
D:9:      trog_ov_bears_minmay, lair_entry_dummy
D:10:     serial_column_ruins, column_ruins_corridor_straight,
          column_ruins_columns_straight, column_ruins_grid_1,
          column_ruins_grid_1, column_ruins_open_medium
D:11:     special_room
D:12:     orc_0_dummy
D:13:     erik_vaults_1, david_nohive_1
D:14:     infiniplex_staircase_zigzag_4, serial_shops, nicolae_shop_trees,
          uniq_josephine
D:15:     gammafunk_enter_depths_forms, minmay_misc_feat_ornament, serial_shops,
          nicolae_shop_waterfront, grunt_dithmenos_shadows, uniq_roxanne
Temple:   cyrus_circular_temple
Lair:1:   portal_ice_cave_entry_pillars_1, grunt_megastairs_2
Lair:2:   cheibrodos_lair_river_kwai
Lair:3:   minmay_shoals_entry_centaurs, lemuel_fruit_tree, uniq_sonja,
          uniq_snorg, uniq_urug
Lair:4:   minmay_snake_entry_six_corridors
Lair:5:   basic_altar
Lair:6:   minmay_lair_end_frog_pond, minmay_slime_entry_pillars
Shoals:1: uniq_kirke
Shoals:2: nicolae_island_escapes
Shoals:4: shoals_end_simple, shoal_ilsuiw
Snake:1:  serial_shops, nicolae_shop_statue_plus, shop, shop
Snake:2:  serial_shops, bzr_entry_safe, grunt_megastairs_4
Snake:3:  spider_trap, uniq_aizul, uniq_saint_roka, uniq_asterion
Snake:4:  minmay_snake_end_coiled
Orc:2:    st_orc_pillars, minmay_orc_temple_a, uniq_nessos
Elf:1:    minmay_elf_arrival_summoners, serial_shops, shop,
          hangedman_corner_corridor, uniq_agnes
Elf:2:    serial_co_window_serial, co_window_paths_a, co_window_paths_b,
          co_window_paths_b, co_window_of_opportunity_a, co_window_paths_b,
          co_window_corner_a, co_window_paths_a, glass_columns_a,
          glass_columns_b, glass_columns_c
Elf:3:    minmay_elf_hall_curves, hangedman_elven_ridges, elves_outpost_lemuel,
          uniq_donald
Vaults:1: nicolae_vaults_little_squares_4, v_rooms_4, vaults_mumra_chevron,
          grunt_vaults_hallway_short, vaults_standard_mumra_lines, v_misc_2,
          vaults_mumra_lcd, vaults_dpeg_encased_lava, v_misc_5, serial_glass,
          serial_shops, shop
Vaults:2: ontoclasm_vaults_hangar, v_misc_22, nicolae_vaults_diagonal_hallway_6,
          ontoclasm_vaults_ring_small, v_rooms_5, nicolae_vaults_network_square,
          v_misc_28, ontoclasm_vaults_hangar, ontoclasm_vaults_decontamination,
          v_misc_25, v_misc_2, v_rooms_3, nicolae_vaults_little_squares_5,
          hangedman_vaults_pinch, nicolae_vaults_theta, v_alt_pattern_1
Vaults:3: minmay_crypt_entry_necro_gods, nicolae_vaults_diagonal_hallway_6,
          st_hourglassy, nicolae_vaults_ring_of_whatevers, v_misc_28,
          nicolae_vaults_triangles, ontoclasm_vaults_ring_small,
          nicolae_vaults_sealed_display, grunt_vaults_focal,
          nicolae_vaults_border_crossing, uniq_nikola
Vaults:4: ontoclasm_vaults_gateway, hangedman_vaults_corner_blocks,
          vaults_room_ringed_pool, v_pattern_1, ontoclasm_vaults_ligature,
          nicolae_vaults_fighting_squares, v_misc_27, grunt_vaults_swirl,
          hangedman_vaults_trim
Crypt:1:  corexii_leaking_fountain
Crypt:2:  basic_altar, grunt_ministairs_6, grunt_megastairs_3, lemuel_elevator,
          uniq_xtahua
Crypt:3:  david_glass_crypt, minivault_23, grunt_ministairs_15
Depths:1: enter_ziggurat_c, hellmouth_3, kennysheep_generic_room_14,
          minmay_shoptagon
Depths:2: minmay_textured_paths, minmay_holes, hell_entry,
          grunt_pan_entry_zigzag, basic_stair_grate_trap,
          infiniplex_staircase_x, serial_bayou_shore_b
Depths:3: minmay_the_grid_triangle_9x9_recursive_3, abyss_entry,
          pf_hell_entry_tar_spiral, pan_entry, tso_altar
Depths:4: kennysheep_oblong_rooms, pan_entry, minmay_room_of_horrors,
          serial_sigils, serial_sigils_hangedman_quiver,
          serial_sigils_hangedman_shear, serial_sigils_hangedman_gut,
          serial_sigils_hangedman_scratch, serial_sigils_hangedman_snap,
          serial_sigils_hangedman_clutch, hell_entry
Depths:5: grunt_zot_entry_hairpin, minmay_crystal_room, hellmouth_1
Zot:1:    kennysheep_spiral_hall, zot_minivault_5
Zot:2:    lemuel_elevator
Zot:3:    st_stairs_13, nicolae_lava_and_water
Zot:4:    hangedman_elemental_grid_stream
Abyss:1:  evilmike_abyss_exit_2, evilmike_abyss_exit_glass
Abyss:2:  evilmike_abyss_exit_13, evilmike_abyss_exit_10,
          evilmike_abyss_exit_mutagenic
Abyss:3:  evilmike_abyss_rune_elephants_shrine, minivault_4,
          nicolae_abyss_rune_star_stuff
Pan:      nicolae_pan_door_chamber, pan_blood_fountain,
          nicolae_pan_performance_anxiety
Zig:2:    ziggurat_pillar_centre_c
Bazaar:   bazaar_minmay_generic_island
Ossuary:  ossuary_crypta
IceCv:    ice_cave_statue_garden_chambered

Skill      XL: |  1  2  3  4  5  6  7  8  9 10 11 12 13 14 15 16 17 18 19 20 21 22 23 24 25 26 27 |
---------------+----------------------------------------------------------------------------------+-----
Dodging        | 3 4 7 10 11 12 15 20 | 20.0
Fighting       | 1 2 3 5 7 9 10 11 13 15 19 | 19.0
Polearms       | 2 4 5 7 10 13 15 17 20 21 24 | 24.1
Ice Magic      | 2 5 |  5.9
Spellcasting   | 3 6 9 12 13 14 15 18 | 18.8
Summonings     | 6 8 10 12 14 15 16 19 22 | 22.8
Air Magic      | 2 4 |  4.0
Invocations    | 6 8 10 | 10.4
Armour         | 3 6 15 | 15.1
Hexes          | 4 |  4.2
Charms         | 5 |  5.0
Necromancy     | 3 5 |  5.0
Stealth        | 8 |  8.2
Evocations     | 8 |  8.0
Translocations | 7 10 12 | 12.1

Action                   |  1- 3 |  4- 6 |  7- 9 | 10-12 | 13-15 | 16-18 | 19-21 | 22-24 | 25-27 || total
-------------------------+-------+-------+-------+-------+-------+-------+-------+-------+-------++-------
Melee: Club              |    25 |       |       |       |       |       |       |       |       ||    25
       Dagger            |    44 |       |    93 |    78 |       |       |       |       |       ||   215
       Unarmed           |     3 |       |       |       |       |       |       |       |       ||     3
       Spear             |    63 |   162 |   335 |       |       |       |       |       |       ||   560
       Trident           |       |       |    69 |   673 |   529 |       |       |       |       ||  1271
       Halberd           |       |       |     7 |       |       |       |       |       |       ||     7
       Glaive            |       |       |       |    60 |       |       |       |       |       ||    60
       Scimitar          |       |       |       |     5 |       |       |       |       |       ||     5
       Bardiche          |       |       |       |       |   792 |  1092 |  1355 |  1460 |  1973 ||  6672
       Tailslap          |       |       |       |       |     5 |    10 |     1 |     1 |    10 ||    27
 Cast: Summon Small Mamm |    11 |       |       |       |       |       |       |       |       ||    11
       Call Imp          |     7 |    15 |    15 |     4 |       |       |       |       |       ||    41
       Call Canine Famil |     3 |    20 |    30 |       |       |       |       |       |       ||    53
       Summon Ice Beast  |       |       |    37 |   154 |   245 |     1 |     1 |       |       ||   438
       Summon Lightning  |       |       |       |    41 |    25 |       |       |       |       ||    66
       Shadow Creatures  |       |       |       |       |    78 |    82 |    55 |    52 |    38 ||   305
       Spectral Weapon   |       |       |       |       |       |    74 |    64 |    72 |    52 ||   262
       Regeneration      |       |       |       |       |       |    12 |    14 |    20 |    98 ||   144
       Shroud of Golubri |       |       |       |       |       |     4 |     7 |     7 |     2 ||    20
       Monstrous Menager |       |       |       |       |       |       |       |    14 |       ||    14
       Summon Horrible T |       |       |       |       |       |       |       |    20 |   142 ||   162
       Malign Gateway    |       |       |       |       |       |       |       |    12 |    46 ||    58
       Haunt             |       |       |       |       |       |       |       |     3 |    57 ||    60
       Passage of Golubr |       |       |       |       |       |       |       |     1 |       ||     1
       Dragon's Call     |       |       |       |       |       |       |       |       |    40 ||    40
       Blink             |       |       |       |       |       |       |       |       |     2 ||     2
Invok: Heroism           |       |       |       |     1 |    34 |    47 |    58 |    62 |    20 ||   222
       Finesse           |       |       |       |       |       |     1 |     3 |     3 |       ||     7
       Renounce Religion |       |       |       |       |       |       |       |       |     1 ||     1
       Slouch            |       |       |       |       |       |       |       |       |     1 ||     1
 Abil: Evoke Blink       |       |       |       |       |     1 |       |       |       |       ||     1
Evoke: Wand              |       |     2 |     3 |     2 |    11 |     1 |     6 |    17 |    14 ||    56
       Phial of floods   |       |       |       |     1 |     2 |     1 |     2 |     3 |     4 ||    13
       Lightning rod     |       |       |       |       |     6 |     3 |     8 |     4 |     1 ||    22
       Fan of gales      |       |       |       |       |     1 |       |     1 |       |     1 ||     3
       Lamp of fire      |       |       |       |       |     1 |     1 |     4 |     2 |     4 ||    12
       Phantom mirror    |       |       |       |       |       |       |       |       |     1 ||     1
  Use: Scroll            |     3 |     8 |     8 |    12 |    19 |     7 |     5 |    29 |    57 ||   148
       Potion            |     1 |       |       |     1 |     6 |       |     1 |     2 |    39 ||    50
 Stab: Distracted        |     1 |     2 |    11 |    18 |    24 |    17 |    18 |    33 |    86 ||   210
       Sleeping          |     3 |     2 |     2 |     8 |     7 |    15 |    20 |     5 |     5 ||    67
       Confused          |       |       |       |       |       |     4 |     5 |       |       ||     9
       Paralysed         |       |       |       |       |       |       |     2 |     4 |       ||     6
       Petrifying        |       |       |       |       |       |       |     1 |       |       ||     1
       Petrified         |       |       |       |       |       |       |       |       |     1 ||     1
  Eat: Chunk             |     3 |     4 |    15 |    43 |    55 |    40 |    39 |    29 |    15 ||   243
       Bread ration      |     1 |     1 |     1 |     1 |     7 |     2 |     2 |     3 |    13 ||    31
       Royal jelly       |       |     2 |     1 |     1 |    11 |       |     3 |     4 |     3 ||    25
       Meat ration       |       |       |     1 |     2 |     1 |     2 |       |     4 |     8 ||    18
       Fruit             |       |       |       |     1 |     6 |     4 |     1 |       |     3 ||    15
Armor: Ring mail         |    37 |    34 |   145 |    19 |   379 |   282 |   298 |   190 |       ||  1384
       Robe              |     4 |       |       |   150 |       |       |       |       |       ||   154
       Leather armour    |       |       |       |       |       |       |       |    48 |   204 ||   252
       Storm dragon scal |       |       |       |       |       |       |       |       |   215 ||   215
Dodge: Dodged            |    78 |    61 |   199 |   475 |   986 |   747 |   963 |  1311 |  2395 ||  7215

Vault maps used:
D:1:      lemuel_arrival_behind_the_door_small
D:2:      nemelex_altar_shiori, gammafunk_temple_overflow_forgotten,
          uniq_natasha
D:3:      lemuel_crystal_altar
D:4:      first_bread
D:5:      uniq_pikel
D:6:      fedhas_altar_1, zin_scriptorium, temple_hall_moat, enter_ossuary_1
D:8:      cheibrodos_statue_roulette, lemuel_round_altar, uniq_erica, uniq_grum,
          uniq_psyche
D:9:      trog_ov_bears_minmay, lair_entry_dummy
D:10:     serial_column_ruins, column_ruins_corridor_straight,
          column_ruins_columns_straight, column_ruins_grid_1,
          column_ruins_grid_1, column_ruins_open_medium
D:11:     special_room
D:12:     orc_0_dummy
D:13:     erik_vaults_1, david_nohive_1
D:14:     infiniplex_staircase_zigzag_4, serial_shops, nicolae_shop_trees,
          uniq_josephine
D:15:     gammafunk_enter_depths_forms, minmay_misc_feat_ornament, serial_shops,
          nicolae_shop_waterfront, grunt_dithmenos_shadows, uniq_roxanne
Temple:   cyrus_circular_temple
Lair:1:   portal_ice_cave_entry_pillars_1, grunt_megastairs_2
Lair:2:   cheibrodos_lair_river_kwai
Lair:3:   minmay_shoals_entry_centaurs, lemuel_fruit_tree, uniq_sonja,
          uniq_snorg, uniq_urug
Lair:4:   minmay_snake_entry_six_corridors
Lair:5:   basic_altar
Lair:6:   minmay_lair_end_frog_pond, minmay_slime_entry_pillars
Shoals:1: uniq_kirke
Shoals:2: nicolae_island_escapes
Shoals:4: shoals_end_simple, shoal_ilsuiw
Snake:1:  serial_shops, nicolae_shop_statue_plus, shop, shop
Snake:2:  serial_shops, bzr_entry_safe, grunt_megastairs_4
Snake:3:  spider_trap, uniq_aizul, uniq_saint_roka, uniq_asterion
Snake:4:  minmay_snake_end_coiled
Orc:2:    st_orc_pillars, minmay_orc_temple_a, uniq_nessos
Elf:1:    minmay_elf_arrival_summoners, serial_shops, shop,
          hangedman_corner_corridor, uniq_agnes
Elf:2:    serial_co_window_serial, co_window_paths_a, co_window_paths_b,
          co_window_paths_b, co_window_of_opportunity_a, co_window_paths_b,
          co_window_corner_a, co_window_paths_a, glass_columns_a,
          glass_columns_b, glass_columns_c
Elf:3:    minmay_elf_hall_curves, hangedman_elven_ridges, elves_outpost_lemuel,
          uniq_donald
Vaults:1: nicolae_vaults_little_squares_4, v_rooms_4, vaults_mumra_chevron,
          grunt_vaults_hallway_short, vaults_standard_mumra_lines, v_misc_2,
          vaults_mumra_lcd, vaults_dpeg_encased_lava, v_misc_5, serial_glass,
          serial_shops, shop
Vaults:2: ontoclasm_vaults_hangar, v_misc_22, nicolae_vaults_diagonal_hallway_6,
          ontoclasm_vaults_ring_small, v_rooms_5, nicolae_vaults_network_square,
          v_misc_28, ontoclasm_vaults_hangar, ontoclasm_vaults_decontamination,
          v_misc_25, v_misc_2, v_rooms_3, nicolae_vaults_little_squares_5,
          hangedman_vaults_pinch, nicolae_vaults_theta, v_alt_pattern_1
Vaults:3: minmay_crypt_entry_necro_gods, nicolae_vaults_diagonal_hallway_6,
          st_hourglassy, nicolae_vaults_ring_of_whatevers, v_misc_28,
          nicolae_vaults_triangles, ontoclasm_vaults_ring_small,
          nicolae_vaults_sealed_display, grunt_vaults_focal,
          nicolae_vaults_border_crossing, uniq_nikola
Vaults:4: ontoclasm_vaults_gateway, hangedman_vaults_corner_blocks,
          vaults_room_ringed_pool, v_pattern_1, ontoclasm_vaults_ligature,
          nicolae_vaults_fighting_squares, v_misc_27, grunt_vaults_swirl,
          hangedman_vaults_trim
Crypt:1:  corexii_leaking_fountain
Crypt:2:  basic_altar, grunt_ministairs_6, grunt_megastairs_3, lemuel_elevator,
          uniq_xtahua
Crypt:3:  david_glass_crypt, minivault_23, grunt_ministairs_15
Depths:1: enter_ziggurat_c, hellmouth_3, kennysheep_generic_room_14,
          minmay_shoptagon
Depths:2: minmay_textured_paths, minmay_holes, hell_entry,
          grunt_pan_entry_zigzag, basic_stair_grate_trap,
          infiniplex_staircase_x, serial_bayou_shore_b
Depths:3: minmay_the_grid_triangle_9x9_recursive_3, abyss_entry,
          pf_hell_entry_tar_spiral, pan_entry, tso_altar
Depths:4: kennysheep_oblong_rooms, pan_entry, minmay_room_of_horrors,
          serial_sigils, serial_sigils_hangedman_quiver,
          serial_sigils_hangedman_shear, serial_sigils_hangedman_gut,
          serial_sigils_hangedman_scratch, serial_sigils_hangedman_snap,
          serial_sigils_hangedman_clutch, hell_entry
Depths:5: grunt_zot_entry_hairpin, minmay_crystal_room, hellmouth_1
Zot:1:    kennysheep_spiral_hall, zot_minivault_5
Zot:2:    lemuel_elevator
Zot:3:    st_stairs_13, nicolae_lava_and_water
Zot:4:    hangedman_elemental_grid_stream
Abyss:1:  evilmike_abyss_exit_2, evilmike_abyss_exit_glass
Abyss:2:  evilmike_abyss_exit_13, evilmike_abyss_exit_10,
          evilmike_abyss_exit_mutagenic
Abyss:3:  evilmike_abyss_rune_elephants_shrine, minivault_4,
          nicolae_abyss_rune_star_stuff
Pan:      nicolae_pan_door_chamber, pan_blood_fountain,
          nicolae_pan_performance_anxiety
Zig:2:    ziggurat_pillar_centre_c
Bazaar:   bazaar_minmay_generic_island
Ossuary:  ossuary_crypta
IceCv:    ice_cave_statue_garden_chambered

Table legend:
 A = Turns spent in this place as a percentage of turns spent in the entire game.
 B = Non-inter-level travel turns spent in this place as a percentage of non-inter-level travel turns spent in the entire game.
 C = Inter-level travel turns spent in this place as a percentage of turns spent in this place.
 D = Turns resting spent in this place as a percentage of non-inter-level travel turns spent in this place.
 E = Turns spent auto-exploring this place as a percentage of non-inter-level travel turns spent in this place.
 F = Non-inter-level travel turns spent in this place divided by the number of levels of this place that you've seen.
                   A       B       C       D       E      F
               +-------+-------+-------+-------+-------+----------------------
         Total | 100.0 | 100.0 |   0.7 |   3.2 |   4.7 | 425.6
       Dungeon |  18.9 |  18.8 |   1.4 |   3.7 |   6.6 | 463.1
        Temple |   0.2 |   0.2 |   1.7 |   0.0 |   0.0 |  57.0
          Lair |   7.3 |   7.3 |   0.5 |   3.4 |   5.5 | 453.5
        Shoals |   5.4 |   5.4 |   0.3 |   2.9 |   2.1 | 503.8
     Snake Pit |   7.0 |   7.0 |   0.4 |   4.1 |   5.7 | 647.0
    Slime Pits |   3.2 |   3.2 |   0.8 |   3.2 |   0.0 | 236.8
  Orcish Mines |   3.6 |   3.6 |   1.0 |   3.4 |   7.5 | 672.5
   Elven Halls |   6.9 |   6.9 |   0.8 |   2.5 |   4.8 | 853.0
        Vaults |  13.8 |  13.9 |   0.4 |   2.7 |   5.5 | 1028.8
         Crypt |   2.8 |   2.8 |   0.4 |   2.9 |   4.7 | 342.7
        Depths |  10.3 |  10.2 |   1.1 |   3.4 |   5.4 | 758.6
           Zot |   7.7 |   7.7 |   0.7 |   4.1 |   5.5 | 570.2
         Abyss |   8.9 |   9.0 |   0.0 |   1.5 |   0.4 | 332.7
   Pandemonium |   0.7 |   0.7 |   0.0 |   4.5 |   4.2 | 132.0
      Ziggurat |   2.3 |   2.3 |   0.0 |   5.7 |   0.0 |  60.4
        Bazaar |   0.2 |   0.2 |   0.0 |   0.0 |   0.0 |  91.0
       Ossuary |   0.7 |   0.7 |   0.0 |   3.8 |   0.0 | 261.0
      Ice Cave |   0.0 |   0.0 |   0.0 |   0.0 |   0.0 |  11.0
               +-------+-------+-------+-------+-------+----------------------

Table legend:
 A = Kills in this place as a percentage of kills in entire the game.
 B = Kills by you in this place as a percentage of kills by you in the entire game.
 C = Kills by friends in this place as a percentage of kills by friends in the entire game.
 D = Other kills in this place as a percentage of other kills in the entire game.
 E = Experience gained in this place as a percentage of experience gained in the entire game.
 F = Experience gained in this place divided by the number of levels of this place that you have seen.
                   A       B       C       D       E      F
               +-------+-------+-------+-------+-------+----------------------
         Total | 100.0 | 100.0 | 100.0 | 100.0 | 100.0 | 19502.8
       Dungeon |  16.0 |  14.9 |  18.0 |   6.2 |   3.8 | 4247.6
          Lair |   6.2 |   5.0 |   8.3 |   0.0 |   2.1 | 6005.7
        Shoals |   4.3 |   5.4 |   2.3 |  12.5 |   3.9 | 16410.5
     Snake Pit |   7.5 |   7.4 |   7.6 |   6.2 |   5.8 | 24685.8
    Slime Pits |   4.0 |   2.4 |   6.7 |   0.0 |   3.9 | 13134.6
  Orcish Mines |   4.8 |   4.6 |   5.0 |   0.0 |   1.0 | 8810.0
   Elven Halls |   5.8 |   7.4 |   3.1 |   6.2 |   7.9 | 44402.7
        Vaults |  18.1 |  24.0 |   8.3 |   6.2 |  22.4 | 76165.8
         Crypt |   2.6 |   2.2 |   3.2 |   6.2 |   4.0 | 22386.7
        Depths |  10.9 |  14.9 |   4.3 |   6.2 |  16.4 | 55638.4
           Zot |   7.0 |   3.2 |  13.4 |   6.2 |  17.1 | 57885.4
         Abyss |   6.7 |   6.5 |   7.2 |  12.5 |   6.7 | 11389.3
   Pandemonium |   1.1 |   0.8 |   1.6 |   0.0 |   1.5 | 12820.5
      Ziggurat |   4.7 |   0.9 |  10.6 |  31.2 |   3.6 | 4342.2
       Ossuary |   0.3 |   0.3 |   0.3 |   0.0 |   0.0 | 173.0
               +-------+-------+-------+-------+-------+----------------------
